 Dungeon Crawl Stone Soup version 0.31.0-2-g5a2aebc5c2 (webtiles) character file.

Game seed: 953529719593981635

3707093 p0werm0de the Slayer (level 25, 354/354 HPs)
             Began as a Demonspawn Chaos Knight on Jan 20, 2024.
             Was a Favourite Plaything of Xom.
             Escaped with the Orb
             ... and 5 runes
             ... and 1 gem!
             The game lasted 01:18:55 (57180 turns).

p0werm0de the Slayer (Demonspawn Chaos Knight)     Turns: 57180, Time: 01:18:55

Health: 354/354    AC: 43    Str: 20    XL:     25   Next: 62%
Magic:  23/23      EV:  8    Int: 26    God:    Xom [*.....]
Gold:   5491       SH:  0    Dex: 16    Spells: 24/24 levels left

rFire   + + +        a - +9 broad axe (vamp)
rCold   + . .        V - +1 tower shield {rN+}
rNeg    + . .        R - +5 gold dragon scales
rPois   +            (helmet unavailable)
rElec   +            f - +2 cloak {Will+}
rCorr   .            M - +2 pair of gloves {hurl}
SInv    +            H - +2 pair of boots {Stlth+}
Will    ++...        Y - amulet of Pride {Faith rElec Int+5 Dex-3 SInv} Stlth
                     j - +4 ring of slaying
HPRegen 0.79/turn    D - ring "Xeabass" {rF+++ Dex+6 Slay+5 Stlth-}
MPRegen 0.36/turn

%: clarity, guardian spirit, faith
@: confused, berserking, ambrosia-drunk, very quick
A: antennae 3, rugged brown scales 3, magic shield, magic regeneration, magic
link, demonic magic 3, corrupting presence 2, word of chaos, clarity, clever 2,
inhibited regeneration, wild magic 1, evolution 1, sturdy frame 1
0: Orb of Zot
}: 5/15 runes: decaying, slimy, silver, abyssal, gossamer
a: Word of Chaos, Renounce Religion


You escaped.
You worshipped Xom.
You were a special plaything of Xom.
You visited 10 branches of the dungeon, and saw 52 of its levels.
You visited the Abyss 2 times.
You also visited: Volcano and Desolation.

You collected 8800 gold pieces.
You spent 3309 gold pieces at shops.

Inventory:

Hand Weapons
 a - a +9 vampiric broad axe (weapon)
   (Xom gifted it to you on level 1 of the Lair of Beasts)
 b - the +9 broad axe of Sunlight {drain, *Rage rN+ Will+ Str+6}
   (You found it on level 8 of the Dungeon)

   Str+6:     It affects your strength (+6).
   rN+:       It protects you from negative energy.
   Will+:     It increases your willpower.
   *Rage:     It berserks you when you make melee attacks (+20% chance).
 A - a +4 dagger of distortion
   (You took it off Psyche on level 12 of the Dungeon)
 N - the +6 arbalest "Damnation" {damnation}
   (You found it on level 3 of the Elven Halls)
Missiles
 B - 20 curare-tipped darts
 G - 11 silver javelins
 U - 8 throwing nets (quivered)
Armour
 f - a +2 cloak of willpower (worn)
   (You found it on level 3 of the Elven Halls)
 H - a +2 pair of boots of stealth (worn)
   (You found it in a volcano)
 M - a +2 pair of gloves of hurling (worn)
   (Xom gifted it to you on level 4 of the Realm of Zot)
 R - +5 gold dragon scales (worn)
   (You found it on level 5 of the Vaults)
 V - a +1 tower shield of positive energy (worn)
   (You took it off a vault guard on level 4 of the Vaults)
Jewellery
 g - an amulet of regeneration
   (You found it on level 13 of the Dungeon)
 j - a +4 ring of slaying (left hand)
   (You found it on level 4 of the Realm of Zot)
 p - a +4 ring of protection
   (You found it on level 7 of the Dungeon)
 C - the ring "Zistasul" {rPois rCorr MP+9 Int+3 Dex-2}
   (You bought it in a shop on level 1 of the Dungeon)

   [ring of poison resistance]

   Int+3:     It affects your intelligence (+3).
   Dex-2:     It affects your dexterity (-2).
   rPois:     It protects you from poison MP+9: It affects your magic capacity
   (+9).
   rCorr:     It protects you from acid and corrosion.
 D - the ring "Xeabass" (right hand) {rF+++ Dex+6 Slay+5 Stlth-}
   (You took it off a ragged hierophant in the Desolation of Salt)

   [ring of dexterity]

   Dex+6:     It affects your dexterity (+6).
   Slay+5:    It affects your accuracy & damage with ranged weapons and melee
   (+5).
   rF+++:     It renders you almost immune to fire.
   Stlth-:    It makes you less stealthy.
 Y - the amulet of Pride (around neck) {Faith rElec Int+5 Dex-3 SInv}
   (You found it on level 2 of the Swamp)

   [amulet of faith]

   Faith:     It allows you to gain divine favour quickly.
   Int+5:     It affects your intelligence (+5).
   Dex-3:     It affects your dexterity (-3).
   rElec:     It insulates you from electricity.
   SInv:      It lets you see invisible.
Wands
 u - a wand of paralysis (37)
   (You found it on level 1 of the Spider Nest)
 v - a wand of digging (23)
   (You found it on level 3 of the Elven Halls)
 J - a wand of mindburst (19)
   (You found it on level 2 of the Elven Halls)
 K - a wand of iceblast (36)
   (You took it off Maurice on level 7 of the Dungeon)
 W - a wand of quicksilver (16)
   (Xom gifted it to you on level 2 of the Vaults)
 X - a wand of polymorph (14)
   (You took it off Harold on level 2 of the Lair of Beasts)
Scrolls
 c - 5 scrolls of butterflies
 l - 10 scrolls of fog
 n - 7 scrolls of fear
 o - 7 scrolls of poison
 r - 33 scrolls of identify
 t - 4 scrolls of teleportation
 z - a scroll of blinking
 E - 9 scrolls of vulnerability
 I - 7 scrolls of immolation
 O - a scroll of silence
 S - 7 scrolls of revelation
Potions
 d - 3 potions of might
 e - 8 potions of enlightenment
 h - a potion of haste
 i - a potion of invisibility
 k - 4 potions of magic
 q - 12 potions of curing
 w - 8 potions of heal wounds
 y - 4 potions of cancellation
 L - 10 potions of attraction
 P - 5 potions of ambrosia
 T - 3 potions of berserk rage
Miscellaneous
 m - a lightning rod (4/4)
   (You found it on level 14 of the Dungeon)
 x - a tin of tremorstones (2/2)
   (You found it in the Desolation of Salt)
 F - a phial of floods
   (You found it on level 3 of the Spider Nest)
 Q - a phantom mirror (inert)
   (You found it on level 5 of the Vaults)
 Z - a sack of spiders
   (You found it on level 5 of the Lair of Beasts)


   Skills:
 * Level 23.2 Fighting
 * Level 20.7 Axes
 * Level 4.9 Throwing
 * Level 20.7 Armour
 - Level 7.0 Dodging
 * Level 16.4 Shields
 - Level 20.0 Evocations


You had 24 spell levels left.
You didn't know any spells.
Your spell library contained the following spells:

 Spells                   Type           Power      Damage    Failure   Level
 Kiss of Death            Conj/Necr      0%         2d5       99%         1
 Magic Dart               Conj           0%         1d3       99%         1
 Sting                    Conj/Alch      0%         1d3       99%         1
 Summon Small Mammal      Summ           0%         N/A       99%         1
 Blink                    Tloc           0%         N/A       100%        2
 Call Imp                 Summ           0%         N/A       100%        2
 Cigotuvi's Dreadful Rot  Necr/Alch/Air  0%         N/A       100%        2
 Ensorcelled Hibernation  Hex/Ice        0%         N/A       100%        2
 Jinxbite                 Hex            0%         N/A       100%        2
 Lesser Beckoning         Tloc           0%         N/A       100%        2
 Mercury Vapours          Alch/Air       0%         N/A       100%        2
 Momentum Strike          Conj/Tloc      0%         3d8       100%        2
 Searing Ray              Conj           0%         2d4       100%        2
 Sublimation of Blood     Necr           0%         N/A       100%        2
 Call Canine Familiar     Summ           0%         N/A       100%        3
 Confusing Touch          Hex            0%         N/A       100%        3
 Dazzling Flash           Conj/Hex       0%         N/A       100%        3
 Fugue of the Fallen      Necr           0%         N/A       100%        3
 Inner Flame              Hex/Fire       0%         N/A       100%        3
 Mephitic Cloud           Conj/Alch/Air  0%         N/A       100%        3
 Ozocubu's Armour         Ice            0%         N/A       100%        3
 Passwall                 Erth           0%         N/A       100%        3
 Sigil of Binding         Hex            0%         N/A       100%        3
 Stone Arrow              Conj/Erth      0%         3d7       100%        3
 Summon Ice Beast         Ice/Summ       0%         N/A       100%        3
 Swiftness                Air            0%         N/A       100%        3
 Tukima's Dance           Hex            0%         N/A       100%        3
 Vampiric Draining        Necr           0%         2d6       100%        3
 Volatile Blastmotes      Fire/Tloc      0%         2d10      100%        3
 Anguish                  Hex/Necr       0%         N/A       100%        4
 Animate Armour           Summ/Erth      0%         N/A       100%        4
 Animate Dead             Necr           0%         N/A       100%        4
 Brom's Barrelling Bould  Conj/Erth      0%         2d3       100%        4
 Cause Fear               Hex            0%         N/A       100%        4
 Dimensional Bullseye     Hex/Tloc       0%         N/A       100%        4
 Flame Wave               Conj/Fire      0%         2d4       100%        4
 Fulminant Prism          Conj/Alch      0%         3d5       100%        4
 Leda's Liquefaction      Alch/Erth      0%         N/A       100%        4
 Manifold Assault         Tloc           0%         N/A       100%        4
 Olgreb's Toxic Radiance  Alch           0%         N/A       100%        4
 Passage of Golubria      Tloc           0%         N/A       100%        4
 Petrify                  Alch/Erth      0%         N/A       100%        4
 Sticky Flame             Fire/Alch      0%         2d4       100%        4
 Summon Blazeheart Golem  Fire/Summ      0%         N/A       100%        4
 Summon Lightning Spire   Summ/Air       0%         N/A       100%        4
 Vhi's Electric Charge    Tloc/Air       0%         N/A       100%        4
 Arcjolt                  Conj/Air       0%         1d10      100%        5
 Borgnjor's Vile Clutch   Necr/Erth      0%         N/A       100%        5
 Curse of Agony           Necr           0%         N/A       100%        5
 Fireball                 Conj/Fire      0%         3d3       100%        5
 Freezing Cloud           Conj/Ice/Air   0%         6-21      100%        5
 Irradiate                Conj/Alch      0%         3d11      100%        5
 Lee's Rapid Deconstruct  Erth           0%         3d4*      100%        5
 Metabolic Englaciation   Hex/Ice        0%         N/A       100%        5
 Silence                  Hex/Air        0%         N/A       100%        5
 Summon Mana Viper        Hex/Summ       0%         N/A       100%        5
 Yara's Violent Unravell  Hex/Alch       0%         3d3       100%        5
 Bombard                  Conj/Erth      0%         9d1       100%        6
 Conjure Ball Lightning   Conj/Air       0%         3x3d6     100%        6
 Death Channel            Necr           0%         N/A       100%        6
 Dispersal                Tloc           0%         N/A       100%        6
 Plasma Beam              Fire/Air       0%         2x1d10    100%        6
 Starburst                Conj/Fire      0%         6d3       100%        6
 Enfeeble                 Hex            0%         N/A       100%        7
 Haunt                    Necr/Summ      0%         N/A       100%        7
 Malign Gateway           Summ/Tloc      0%         N/A       100%        7
 Ozocubu's Refrigeration  Ice            0%         4d7       100%        7
 Summon Hydra             Summ           0%         N/A       100%        7
 Borgnjor's Revivificati  Necr           0%         N/A       100%        8
 Discord                  Hex            0%         N/A       100%        8
 Disjunction              Tloc           0%         N/A       100%        8
 Lehudib's Crystal Spear  Conj/Erth      0%         10d2      100%        8
 Maxwell's Capacitive Co  Air            0%         ∞         100%        8
 Summon Horrible Things   Summ           0%         N/A       100%        8
 Chain Lightning          Conj/Air       0%         N/A       100%        9
 Death's Door             Necr           0%         N/A       100%        9
 Dragon's Call            Summ           0%         N/A       100%        9
 Fire Storm               Conj/Fire      0%         5d1       100%        9
 Shatter                  Erth           0%         3d5*      100%        9


Dungeon Overview and Level Annotations

Branches:
Dungeon (15/15)            Temple (0/1) D:5            Lair (5/5) D:11
  Swamp (4/4) Lair:2       Spider (4/4) Lair:2        Slime (5/5) Lair:4
    Orc (2/2) D:11            Elf (3/3) Orc:2        Vaults (5/5) D:13
  Crypt (0/3) Vaults:3     Depths (4/4) D:15            Zot (5/5) Depths:4
Volcano (visited)         Desolation (visited)

Altars:
Ashenzari
Cheibriados
Fedhas
Hepliaklqana
Kikubaaqudgha
Makhleb
Nemelex Xobeh
Okawaru
Ru
Sif Muna
Trog
Vehumet
Wu Jian
Xom
Yredelemnul
Jiyva
Lugonu

Shops:
D:1 =   D:2 (   D:6 ![*((   D:7 *   D:11 :(   D:12 =(*   D:13 (   D:15 ?
Orc:2 ?:[   Elf:1 :   Vaults:1 *

Portals:
Hell: Depths:1 Depths:2 Depths:3 Depths:4
Abyss: Depths:3 Depths:4
Pandemonium: Depths:2
Ziggurat: Depths:3
Trove: Vaults:1 (give horn of Geryon)

Annotations:
Spider:3 1 runed translucent door, Rayvis's ghost, journeyman MiFi
Elf:2 6 runed translucent doors, Gausige's ghost, journeyman DsFi
Elf:3 1 runed translucent door, Noacot's ghost, journeyman DsFi
Vaults:1 1 runed translucent door, vegansnacktivist's ghost, adept DDFi
Zot:2 1 transporter


Innate Abilities, Weirdness & Mutations

You have a pair of large antennae on your head. (SInv)
You are completely covered in rugged brown scales. (AC +3, +7% HP)
When hurt, damage is shared between your health and your magic reserves.
You regenerate magic rapidly.
When low on magic, you restore magic in place of health.
Spells you cast and wands you use may paralyse nearby enemies.
Your presence sometimes corrodes or deforms those you injure.
You can speak a Word of Chaos.
You possess an exceptional clarity of mind.
Your mind is very acute. (Int +8, Str/Dex -2)
You do not regenerate when monsters are visible.
Your spells are a little harder to cast, but a little more powerful.
You have hidden genetic potential.
Your movements are slightly less encumbered by armour. (ER -2)


Message History

Things that are here:
2 stones; a +0 short sword; a +0 hand axe
There is a stone staircase leading up here.
You climb upwards.
There is a stone staircase leading down here.
A large abomination comes into view.
There is a stone staircase leading up here.
You climb upwards.
There is a stone staircase leading down here.
Unknown command. "Time to have some fun!"
You slice the iron imp!!
You kill the iron imp!
The iron imp disappears in a puff of smoke!
No target in view!
No target in view!
There is a stone staircase leading up, spattered with blood here.
You climb upwards.
There is a stone staircase leading down here.
You sense a monster nearby.
A chaos spawn comes into view.
The chaos spawn howls!
You block the chaos spawn's attack.
You slice the chaos spawn!!
The chaos spawn is almost dead.
You slice the chaos spawn like a ripe choko!!!
You kill the chaos spawn!
The chaos spawn degenerates into a cloud of primal chaos!
No target in view!
No target in view!
There is an open door here.
There is an open door here.
There is an open door here.
There is a staircase leading out of the dungeon here.
You are confused.
You feel invigorated.
A red film seems to cover your vision as you go berserk!
You feel yourself moving faster!
You feel mighty!
You feel a strong urge to attack something.
You have escaped!

#.# #..........##........ #.#
#..........##.#.##### #.#
#..........+.........
#.#####..........##.#...#..
#...............('..###.#..
#.########.....[.#### #.#..
### ############# #.#..
##.........## #.#..
#..♣..@..♣..# #.#..
##.........## #.#.. #####
#####'##### ######..#.
##...######...######...###.#.
#.......................##.#.
#..⌠........⌠........⌠..##.#.
#.......................##...
##...######...######...####.#
##'## ##>## ##'## #..


There were no monsters in sight!

Vanquished Creatures
  the Royal Jelly (Slime:5)
  3 dread liches (Zot:3)
  An ancient lich (Vaults:5)
  Josephina (Zot:3)
  Bai Suzhen (Swamp:3)
  3 curse toes
  11 golden dragons
  Norris (Vaults:1)
  Arachne (Spider:3)
  A bone dragon (Depths:4)
  An electric golem (Zot:1)
  16 tentacled monstrosities
  Asterion (Depths:2)
  Mlioglotl (Spider:3)
  Jorgrun (D:13)
  An Orb Guardian (Zot:1)
  2 liches (Depths:2)
  5 sphinxes
  6 quicksilver dragons
  4 deep elf blademasters
  2 titans (Vaults:5)
  23 acid blobs
  2 deep elf master archers
  Frances (Swamp:2)
  An Executioner (Depths:3)
  11 death cobs
  4 tengu reavers
  7 shadow dragons
  The ghost of Zenkrye the Severer, an adept HOFi of Beogh (Swamp:2)
  11 storm dragons
  6 frost giants
  7 draconian knights
  7 draconian shifters
  A protean progenitor (Zot:3)
  12 rockslimes
  5 azure jellies
  2 iron dragons
  4 fire giants
  6 draconian monks
  The ghost of Qemahefa the Bludgeoner, an adept GrFi of Okawaru (Swamp:3)
  5 deep elf sorcerers
  Donald (Swamp:2)
  6 emperor scorpions
  An imperial myrmidon (Desolation)
  4 deep elf elementalists (Elf:3)
  13 vault wardens
  3 draconian stormcallers (Zot:1)
  A balrug (Abyss:4)
  7 ghost moths
  2 broodmothers
  5 draconian scorchers
  4 ghouls
  17 ironbound preservers
  A quicksilver ooze (shapeshifter) (Lair:3)
  15 stone giants
  6 draconian annihilators
  9 formless jellyfish
  4 quicksilver oozes
  2 vampire knights
  5 ironbound thunderhulks
  A spriggan defender (Depths:4)
  Nessos (Orc:2)
  15 very ugly things
  11 black draconians
  8 deep elf demonologists
  3 eleionomae
  2 halazid warlocks (Desolation)
  8 red draconians
  4 green draconians
  7 deep elf annihilators
  5 deep elf death magi
  4 purple draconians (Zot:1)
  19 dire elephants
  7 white draconians
  A demonspawn black sun (Zot:4)
  2 bunyips
  9 yellow draconians
  5 spark wasps
  4 war gargoyles
  A minotaur (Zot:4)
  3 blizzard demons (Depths:3)
  12 ettins
  A green death (D:4)
  9 fire dragons
  6 crystal guardians
  4 ragged hierophants (Desolation)
  An entropy weaver (shapeshifter) (D:15)
  9 deep elf high priests
  39 vault guards
  14 yaktaur captains
  8 entropy weavers
  2 rakshasas
  22 hydras
  Harold (Lair:2)
  5 servants of whispers (Desolation)
  14 ice dragons
  2 ogre magi (Orc:2)
  7 great orbs of eyes
  3 spriggan air magi
  2 catoblepae (Abyss:4)
  3 jorogumos
  13 peacekeepers
  8 centaur warriors
  6 ironbound frosthearts
  9 alligators
  6 ghost crabs
  25 dancing weapons
  A radroach (Spider:1)
  A tengu warrior (Depths:2)
  3 death yaks
  A two-headed ogre (D:9)
  6 boulder beetles
  A spriggan berserker (Depths:2)
  11 deep troll earth magi
  2 orc high priests
  Urug (D:13)
  6 deep troll shamans
  3 occultists
  4 demonic crawlers
  A soul eater (Zot:4)
  Sonja (D:11)
  A hell knight (Volcano)
  10 sun demons
  22 deep elf knights
  A salamander mystic (Volcano)
  6 iron trolls
  6 pharaoh ants
  A skyshark (shapeshifter) (Vaults:3)
  10 goliath frogs
  A death drake (shapeshifter) (Elf:3)
  5 skysharks
  75 deep trolls
  2 spriggan druids
  7 orb spiders
  2 flayed ghosts
  7 swamp dragons
  A death drake (Abyss:4)
  2 bog bodies
  3 phantasmal warriors
  2 glowing orange brains
  2 arcanists
  A sun moth (Spider:4)
  33 deep elf pyromancers
  11 lindwurms
  7 steelbarb worms
  14 ironbound convokers
  18 deep elf archers
  2 necromancers
  4 orc knights
  10 harpies (Vaults:2)
  16 ugly things
  21 wolf spiders
  27 deep elf zephyrmancers
  12 orc sorcerers
  A faun (shapeshifter) (Vaults:2)
  3 shining eyes
  5 cyclopes
  7 will-o-the-wisps
  3 manticores
  Maurice (D:7)
  3 meliai (Spider:3)
  A worldbinder (Abyss:4)
  4 salamanders (Volcano)
  17 elephants
  2 eyes of devastation
  5 guardian serpents (Desolation)
  25 moths of wrath
  2 black mambas (shapeshifter)
  5 black mambas
  2 smoke demons
  2 molten gargoyles
  12 vault sentinels
  9 torpor snails
  An eye of devastation (shapeshifter) (Depths:4)
  A rust devil (Depths:3)
  A stone giant skeleton (Vaults:1)
  5 kobold blastminers
  A torpor snail (shapeshifter) (Depths:3)
  23 cane toads
  3 gargoyles
  2 large abominations (Abyss:4)
  3 rime drakes
  2 hellions
  A storm dragon simulacrum (Zot:3)
  2 unseen horrors
  An efreet (D:13)
  A freezing wraith (Vaults:3)
  4 tengu conjurers
  Psyche (D:12)
  52 yaktaurs
  13 komodo dragons
  4 catoblepas skeletons (Abyss:4)
  An ice devil (Zot:4)
  10 tyrant leeches
  2 tormentors
  3 trolls
  4 ancient zymes
  A hellwing (Depths:4)
  A golden dragon simulacrum (Zot:3)
  4 polar bears
  18 hornets
  A shadow dragon simulacrum (Zot:3)
  28 tarantellas
  10 blink frogs
  2 dream sheep (shapeshifter) (Vaults:5)
  63 saltlings (Desolation)
  An ettin zombie (Abyss:4)
  13 culicivoras
  57 slime creatures
  A blink frog (shapeshifter) (D:13)
  3 air elementals
  An ettin skeleton (Vaults:1)
  3 water elementals
  4 wraiths
  4 ynoxinuls
  21 spriggans
  A vampire (D:13)
  22 jumping spiders
  4 basilisks
  10 wyverns
  2 fire bats (Volcano)
  A fire bat (shapeshifter) (Vaults:5)
  51 yaks
  3 fire elementals (Elf:1)
  13 vampire mosquitoes
  2 steam dragons
  A warg (Elf:3)
  15 golden eyes
  44 redbacks
  2 neqoxecs (Abyss:4)
  A green draconian simulacrum (Zot:3)
  2 chaos spawn
  A swamp worm (shapeshifter) (Vaults:5)
  13 swamp worms
  3 acid dragons
  A moth of wrath simulacrum (Zot:3)
  14 water moccasins
  33 orc warriors
  A sky beast (shapeshifter) (D:4)
  2 black bears
  5 swamp drakes
  A sky beast (Abyss:4)
  4 ice beasts
  An orc zombie (Vaults:1)
  8 wolves
  A laughing skull (Vaults:3)
  14 ogres
  6 boggarts
  3 small abominations
  3 starcursed masses (Abyss:4)
  14 centaurs
  A tengu (Swamp:4)
  28 bullfrogs
  A kobold brigand (D:7)
  12 earth elementals
  3 scorpions
  3 weeping skulls (Abyss:4)
  2 gnoll sergeants (D:10)
  A necrophage (Swamp:4)
  5 wights (D:7)
  13 killer bees
  7 electric eels
  6 lava snakes
  A crimson imp (Abyss:4)
  A hound (D:5)
  2 jellies (D:6)
  20 orc priests
  A gnoll bouda (D:4)
  An iron imp (Abyss:4)
  Crazy Yiuf (D:3)
  Jessica (D:2)
  4 iguanas
  37 orc wizards
  Natasha (twice) (D:2)
  5 hell rats (Lair:1)
  2 centaur simulacra (D:8)
  2 killer bee simulacra (D:8)
  10 adders
  11 gnolls
  A shadow imp (D:6)
  5 white imps
  4 ufetubi (D:6)
  2 ribbon worms
  5 dart slugs
  93 orcs
  11 ball pythons
  6 bats
  7 endoplasms
  2 giant cockroaches
  15 goblins
  3 hobgoblins
  14 kobolds
  7 quokkas
  3 frilled lizards
  5 rats
  A spectral goblin (D:2)
  A spectral weapon (Depths:2)
2178 creatures vanquished.

Vanquished Creatures (collateral kills)
  An acid blob (Slime:5)
  A rockslime (Slime:5)
  A formless jellyfish (Slime:5)
  An entropy weaver (Vaults:3)
  A ragged hierophant (Desolation)
  A great orb of eyes (Vaults:2)
  3 deep trolls (Vaults:4)
  An orb spider (Spider:1)
  A deep elf zephyrmancer (Elf:3)
  4 yaktaurs
  3 saltlings (Desolation)
  2 jumping spiders (Spider:1)
  5 slime creatures
  A steam dragon (D:5)
  A redback (Vaults:3)
  A sky beast (D:7)
  A small abomination (Abyss:4)
  A bullfrog (Lair:5)
  An orc wizard (Orc:2)
  A gnoll (D:5)
32 creatures vanquished.

Vanquished Creatures (others)
  A fire giant (Depths:4)
  A very ugly thing (Abyss:4)
  2 quicksilver oozes (Slime:5)
  A formless jellyfish (shapeshifter) (Slime:5)
  A black draconian (Zot:2)
  A halazid warlock (Desolation)
  A great orb of eyes (Depths:1)
  A hydra (Swamp:2)
  A servant of whispers (Desolation)
  2 dancing weapons (Desolation)
  A hell hog (Depths:1)
  A deep troll (Vaults:4)
  A deep elf pyromancer (Elf:2)
  3 deep elf zephyrmancers
  A guardian serpent (Desolation)
  A yaktaur (D:15)
  A hornet (Swamp:3)
  A bloated husk (Swamp:4)
  3 saltlings (Desolation)
  A culicivora (Spider:4)
  2 spriggans (Swamp:3)
  A ynoxinul (Depths:3)
  5 water elementals (Elf:2)
  A small abomination (Zot:1)
  2 swamp drakes (Swamp:4)
  An electric eel (D:14)
  An orc wizard (Orc:2)
  An adder (D:5)
  A ball lightning (Elf:2)
  47 foxfires
88 creatures vanquished.

Grand Total: 2298 creatures vanquished

Notes
Turn   | Place    | Note
-------+----------+-------------------------------------------
     0 | D:1      | p0werm0de the Demonspawn Chaos Knight began the quest for
                  | the Orb.
     0 | D:1      | Reached XP level 1. HP: 18/18 MP: 1/1
    39 | D:1      | XOM: silly message
   117 | D:1      | XOM: silly message
   173 | D:1      | XOM: divination: detect creatures
   180 | D:1      | Gained mutation: You are partially covered in rugged brown
                  | scales. (AC +1, +3% HP) [demonic ancestry]
   180 | D:1      | Reached XP level 2. HP: 15/24 MP: 2/2
   221 | D:1      | XOM: smoke on damage
   328 | D:1      | Found Unlorump's Jewellery Emporium.
   709 | D:2      | Reached XP level 3. HP: 23/29 MP: 3/3
   789 | D:2      | XOM: smoke on damage
   929 | D:2      | Found Huped's Antique Weapon Shoppe.
   972 | D:2      | Found a burning altar of Makhleb.
  1041 | D:2      | Reached XP level 4. HP: 32/38 MP: 4/4
  1201 | D:2      | XOM: divination: magic mapping
  1252 | D:2      | Noticed Natasha
  1259 | D:2      | Killed Natasha
  1260 | D:2      | Reached skill level 4 in Fighting
  1296 | D:2      | Found a faded altar of an unknown god.
  1299 | D:2      | Noticed Jessica
  1309 | D:2      | Killed Jessica
  1310 | D:2      | Gained mutation: You are mostly covered in rugged brown
                  | scales. (AC +2, +5% HP) [demonic ancestry]
  1310 | D:2      | Reached XP level 5. HP: 26/44 MP: 5/5
  1608 | D:2      | Noticed Natasha
  1612 | D:2      | XOM: enchant monster (good)
  1615 | D:2      | Killed Natasha
  1651 | D:3      | XOM: stealth player
  1830 | D:3      | XOM: noise
  1902 | D:3      | XOM: silly message
  1999 | D:3      | XOM: 1-stop teleportation journey
  2023 | D:3      | Identified the +0 helmet of Inviolability {Fly MP+9 Dex+4}
  2143 | D:3      | Found a runed translucent door.
  2144 | D:3      | Noticed Crazy Yiuf
  2154 | D:3      | Killed Crazy Yiuf
  2270 | D:4      | Found a broken altar of Ashenzari.
  2309 | D:4      | Reached skill level 1 in Evocations
  2309 | D:4      | Gained mutation: You regenerate magic rapidly. [demonic
                  | ancestry]
  2309 | D:4      | Reached XP level 6. HP: 37/51 MP: 6/6
  2658 | D:4      | Found a basalt altar of Yredelemnul.
  2782 | D:4      | Found a shimmering altar of Xom.
  2782 | D:4      | Found a shimmering altar of Xom.
  2783 | D:4      | Found a shimmering altar of Xom.
  2784 | D:4      | Found a shimmering altar of Xom.
  2784 | D:4      | Found a shimmering altar of Xom.
  2784 | D:4      | Found a shimmering altar of Xom.
  2854 | D:4      | Found a blossoming altar of Fedhas.
  2908 | D:4      | XOM: divination: magic mapping
  2913 | D:4      | XOM: silly message
  3023 | D:4      | XOM: silly message
  3380 | D:5      | Entered Level 5 of the Dungeon
  3380 | D:5      | an orc changed into a shapeshifter
  3380 | D:5      | Noticed a shapeshifter (shapeshifter)
  3380 | D:5      | XOM: polymorph orc -> shapeshifter
  3381 | D:5      | a shapeshifter changed into a bat
  3382 | D:5      | a bat changed into a sky beast
  3382 | D:5      | Noticed a sky beast (shapeshifter)
  3404 | D:4      | Killed a sky beast
  3405 | D:4      | Reached skill level 5 in Fighting
  3405 | D:4      | Gained mutation: You have a pair of small antennae on your
                  | head. [demonic ancestry]
  3405 | D:4      | Reached XP level 7. HP: 40/58 MP: 7/7
  3469 | D:5      | XOM: divination: magic mapping
  3560 | D:5      | XOM: confusion (+ monsters)
  3570 | D:5      | Found a staircase to the Ecumenical Temple.
  3947 | D:5      | Reached skill level 5 in Axes
  4035 | D:5      | Found a sparkling altar of Nemelex Xobeh.
  4045 | D:5      | XOM: potion effect (brilliance)
  4135 | D:5      | Noticed a steam dragon
  4139 | D:5      | XOM: summons 4 friendly demons
  4144 | D:5      | Killed a steam dragon
  4145 | D:5      | Gained mutation: You are completely covered in rugged brown
                  | scales. (AC +3, +7% HP) [demonic ancestry]
  4145 | D:5      | Reached XP level 8. HP: 9/68 MP: 8/8
  4315 | D:4      | XOM: silly message
  4340 | D:5      | XOM: divination: detect items
  4345 | D:4      | XOM: chaos upgrade
  4350 | D:4      | XOM: smoke on damage
  4417 | D:4      | XOM: silly message
  4525 | D:5      | Reached skill level 6 in Fighting
  4677 | D:5      | XOM: god gift: 19 gold pieces
  4689 | D:5      | Found a sacrificial altar of Ru.
  4988 | D:6      | Found Pozarpho's Armour Shop.
  5002 | D:6      | Reached skill level 5 in Armour
  5019 | D:6      | Identified the +4 spear "Zuita" {venom, rPois Int+4}
  5077 | D:6      | XOM: confuse monster(s)
  5158 | D:6      | Found Zeroikk's Assorted Antiques.
  5161 | D:6      | Bought a pink potion for 24 gold pieces
  5171 | D:6      | Found Iluer's Distillery.
  5184 | D:6      | Bought a potion of heal wounds for 55 gold pieces
  5184 | D:6      | Bought a potion of curing for 33 gold pieces
  5184 | D:6      | Bought a potion of lignification for 33 gold pieces
  5184 | D:6      | Bought a potion of mutation for 88 gold pieces
  5184 | D:6      | Bought a potion of heal wounds for 55 gold pieces
  5184 | D:6      | Bought a potion of curing for 33 gold pieces
  5240 | D:6      | XOM: polymorph orc warrior -> jelly
  5277 | D:6      | Found Fufiot's Antique Weapon Boutique.
  5305 | D:6      | XOM: divination: detect items
  5388 | D:6      | XOM: polymorph iguana -> wolf
  5427 | D:6      | XOM: give mutation
  5427 | D:6      | Gained mutation: Your muscles are strong. (Str +4, Int/Dex
                  | -1) [Xom's grace]
  5454 | D:6      | Found an iron altar of Okawaru.
  5551 | D:6      | Found Weoleyv's Weapon Shoppe.
  5666 | D:7      | XOM: summons 2 friendly demons
  6011 | D:7      | XOM: god gift: scroll labelled YNTUWK DYIS {god gift}
  6052 | D:7      | Found Xafoum's General Store.
  6129 | D:7      | XOM: silly message
  6204 | D:7      | XOM: confuse monster(s)
  6208 | D:7      | XOM: noise
  6217 | D:7      | XOM: cleaving
  6224 | D:7      | Gained mutation: When hurt, damage is shared between your
                  | health and your magic reserves. [demonic ancestry]
  6224 | D:7      | Reached XP level 9. HP: 75/75 MP: 9/9
  6224 | D:7      | XOM: fake destruction
  6226 | D:7      | Reached skill level 5 in Evocations
  6236 | D:7      | Reached skill level 7 in Fighting
  6261 | D:7      | Noticed Maurice
  6275 | D:7      | Killed Maurice
  6320 | D:7      | XOM: 3-stop teleportation journey
  6414 | D:7      | XOM: summons 1 hostile demon
  6415 | D:7      | Noticed a sun demon
  6494 | D:7      | XOM: swap monsters
  6495 | D:7      | XOM: chaos cloud
  6669 | D:7      | XOM: noise
  6918 | D:6      | Bought a scroll of identify for 54 gold pieces
  6918 | D:6      | Bought a scroll of identify for 54 gold pieces
  6987 | D:7      | XOM is BORED!
  6997 | D:7      | XOM: stat loss: -1 Dex (10/11)
  7016 | D:7      | Found a burning altar of Makhleb.
  7213 | D:8      | XOM: give mutations
  7213 | D:8      | Gained mutation: Your flesh is heat resistant. (rF+) [Xom's
                  | mischief]
  7213 | D:8      | Gained mutation: You are strong-willed. (Will+) [Xom's
                  | mischief]
  7213 | D:8      | Gained mutation: Your spells are a little harder to cast,
                  | but a little more powerful. [Xom's mischief]
  7411 | D:8      | Noticed a polar bear
  7415 | D:8      | XOM: 3-stop teleportation journey
  7653 | D:8      | XOM: cleaving
  7662 | D:8      | Killed a polar bear
  7663 | D:8      | Reached skill level 8 in Fighting
  7663 | D:8      | Reached XP level 10. HP: 42/85 MP: 4/10
  7663 | D:8      | XOM: confuse monster(s)
  7867 | D:8      | XOM: god gift: atropa-tipped dart
  7899 | D:8      | Found a snail-covered altar of Cheibriados.
  7971 | D:8      | Identified the +9 broad axe of Sunlight {drain, *Rage rN+
                  | Will+ Str+6}
  8267 | D:6      | Bought a potion of haste for 110 gold pieces
  8267 | D:6      | Bought a potion of ambrosia for 88 gold pieces
  8397 | D:9      | XOM: divination: detect items
  8407 | D:9      | XOM: divination: detect items
  8414 | D:9      | XOM: potion effect (haste)
  8509 | D:9      | Noticed a two-headed ogre
  8516 | D:9      | Killed a two-headed ogre
  8970 | D:9      | XOM: silly message
  8998 | D:9      | XOM: potion effect (invisibility)
  9016 | D:9      | Found a bloodstained altar of Trog.
  9114 | D:9      | Identified the +3 mace of Wisdom {flame, rF+ Str+3}
  9124 | D:9      | Reached skill level 9 in Fighting
  9146 | D:9      | XOM: silly message
  9351 | D:10     | Entered Level 10 of the Dungeon
  9435 | D:10     | XOM: silly message
  9478 | D:10     | Gained mutation: Spells you cast may paralyse adjacent
                  | enemies. [demonic ancestry]
  9478 | D:10     | Reached XP level 11. HP: 95/95 MP: 11/11
  9480 | D:10     | XOM: confuse monster(s)
  9483 | D:10     | Reached skill level 1 in Shields
  9544 | D:10     | XOM: torment (59/95 hp)
  9753 | D:10     | Found a shimmering blue altar of Sif Muna.
 10156 | D:11     | Noticed Sonja
 10158 | D:11     | Found a staircase to the Lair.
 10158 | D:11     | XOM: swap monsters
 10163 | D:11     | XOM: scenery: summon butterflies
 10179 | D:11     | XOM: chaos cloud
 10183 | D:11     | XOM: chaos upgrade
 10350 | D:11     | Killed Sonja
 10669 | D:11     | Found a hazy altar of Hepliaklqana.
 10754 | D:11     | Found Udypsy's Tiny Tomes.
 10765 | D:11     | Found Acvavu's Weapon Shop.
 10767 | D:11     | Found a staircase to the Orcish Mines.
 10832 | D:11     | XOM: noise
 11056 | D:12     | XOM: noise
 11064 | D:12     | Reached skill level 10 in Fighting
 11081 | D:12     | Noticed a white ugly thing
 11337 | D:12     | XOM: butterfly on damage
 11339 | D:12     | Killed a white ugly thing
 11522 | D:12     | XOM: scenery: 1 doors open
 11523 | D:12     | XOM: enchant monster (good)
 11567 | D:12     | Found Lach's General Store.
 11587 | D:12     | Found Rufuot Jel's Weapon Shop.
 11659 | D:12     | XOM: give mutations
 11659 | D:12     | Gained mutation: Your flesh is cold resistant. (rC+) [Xom's
                  | grace]
 11659 | D:12     | Gained mutation: Your flesh is very heat resistant. (rF++)
                  | [Xom's grace]
 11659 | D:12     | Gained mutation: Your mind is acute. (Int +4, Str/Dex -1)
                  | [Xom's grace]
 11713 | D:12     | Noticed Psyche
 11717 | D:12     | Killed Psyche
 11959 | D:12     | XOM: stat loss: -1 Dex (9/10)
 11987 | D:12     | Found Biecrel's Jewellery Shop.
 12078 | D:12     | XOM: silly message
 12149 | D:12     | XOM: draining
 12274 | D:13     | Found Natuas's Antique Weapon Shoppe.
 12277 | D:13     | XOM: enchant monster (good)
 12285 | D:13     | Gained mutation: Your presence sometimes corrodes those you
                  | injure. [demonic ancestry]
 12285 | D:13     | Reached XP level 12. HP: 68/100 MP: 9/12
 12327 | D:13     | XOM: stat loss: -1 Dex (10/11)
 12406 | D:13     | Noticed a centaur warrior
 12406 | D:13     | XOM: swap monsters
 12411 | D:13     | XOM: enchant monster (bad)
 12415 | D:13     | Killed a centaur warrior
 12470 | D:12     | Bought a potion of curing for 48 gold pieces
 12470 | D:12     | Bought a scroll of identify for 32 gold pieces
 12710 | D:13     | XOM: summons 2 hostile demons
 12768 | D:13     | Noticed Urug
 12773 | D:13     | Noticed Jorgrun
 12782 | D:13     | XOM: potion effect (magic)
 12788 | D:13     | Killed Jorgrun
 12793 | D:13     | Killed Urug
 13001 | D:13     | Reached skill level 5 in Shields
 13097 | D:13     | XOM: chaos cloud
 13142 | D:13     | Noticed a vault guard
 13147 | D:13     | Reached skill level 10 in Axes
 13155 | D:13     | Noticed a vault guard
 13157 | D:13     | Killed a vault guard
 13158 | D:13     | Reached skill level 11 in Fighting
 13158 | D:13     | Reached skill level 10 in Evocations
 13159 | D:13     | Noticed an ironbound frostheart
 13165 | D:13     | Killed a vault guard
 13273 | D:13     | Killed an ironbound frostheart
 13274 | D:13     | Reached skill level 10 in Armour
 13381 | D:13     | XOM: chaos cloud
 13462 | D:13     | Noticed a six-headed hydra
 13465 | D:13     | Killed a six-headed hydra
 13524 | D:13     | Found a gate to the Vaults.
 13748 | D:13     | XOM: divination: detect creatures
 13836 | Orc:1    | Entered Level 1 of the Orcish Mines
 13857 | Orc:1    | XOM: potion effect (curing)
 13878 | Orc:1    | XOM: potion effect (haste)
 13881 | Orc:1    | Gained mutation: Your presence sometimes corrodes or
                  | deforms those you injure. [demonic ancestry]
 13881 | Orc:1    | Reached XP level 13. HP: 103/113 MP: 11/13
 13888 | Orc:1    | XOM: polymorph orc warrior -> giant cockroach
 14046 | Orc:1    | Found a shimmering altar of Xom.
 14100 | Orc:1    | XOM: silly message
 14333 | Orc:2    | Entered Level 2 of the Orcish Mines
 14364 | Orc:2    | XOM: confuse monster(s)
 14369 | Orc:2    | XOM: butterfly on damage
 14381 | Orc:2    | Noticed Nessos
 14384 | Orc:2    | Killed Nessos
 14549 | Orc:2    | Found a staircase to the Elven Halls.
 14726 | Orc:2    | XOM: potion effect (experience)
 14726 | Orc:2    | Gained mutation: You have a pair of antennae on your head.
                  | [demonic ancestry]
 14726 | Orc:2    | Reached XP level 14. HP: 121/121 MP: 14/14
 14741 | Orc:2    | Found Xagixeamius's Book Shoppe.
 14766 | Orc:2    | Found a radiant altar of Vehumet.
 14822 | Orc:2    | XOM: silly message
 14945 | Orc:2    | Found an ancient bone altar of Kikubaaqudgha.
 15006 | Orc:2    | XOM: cast spell 'Animate Armour'
 15009 | Orc:2    | Found Xownaeck's Magic Scroll Shoppe.
 15009 | Orc:2    | Found Venazuok's Magic Scroll Emporium.
 15022 | Orc:2    | Found Qawn's Antique Armour Emporium.
 15035 | Orc:2    | Bought a scroll of enchant weapon for 75 gold pieces
 15035 | Orc:2    | Bought a scroll of enchant armour for 75 gold pieces
 15035 | Orc:2    | Bought a scroll of blinking for 75 gold pieces
 15035 | Orc:2    | Bought a scroll of fear for 40 gold pieces
 15035 | Orc:2    | Bought a scroll of revelation for 75 gold pieces
 15035 | Orc:2    | Bought a scroll of fear for 40 gold pieces
 15035 | Orc:2    | Bought a scroll of revelation for 75 gold pieces
 15035 | Orc:2    | Bought a scroll of fear for 40 gold pieces
 15045 | Orc:2    | Bought a pair of glowing boots for 240 gold pieces
 15059 | Orc:2    | Bought a scroll of teleportation for 39 gold pieces
 15059 | Orc:2    | Bought a scroll of blinking for 97 gold pieces
 15059 | Orc:2    | Bought a scroll of immolation for 52 gold pieces
 15059 | Orc:2    | Bought a scroll of identify for 26 gold pieces
 15059 | Orc:2    | Bought a scroll of identify for 26 gold pieces
 15209 | Orc:2    | XOM: silly message
 15260 | Lair:1   | Entered Level 1 of the Lair of Beasts
 15321 | Lair:1   | XOM: potion effect (brilliance)
 15336 | Lair:1   | XOM: potion effect (brilliance)
 15383 | Lair:1   | Reached skill level 12 in Fighting
 15630 | Lair:1   | XOM: silly message
 15631 | Lair:1   | XOM: potion effect (attraction)
 15770 | Lair:1   | XOM: god gift: +2 broad axe of chaos
 15779 | Lair:1   | XOM: fake destruction
 16037 | Lair:1   | XOM: god gift: wand of flame (5)
 16303 | Lair:2   | Found a dark tunnel.
 16320 | Volcano  | Entered a volcano
 16616 | Volcano  | XOM: give mutations
 16616 | Volcano  | Gained mutation: A frigid envelope surrounds you and
                  | freezes all who hurt you. [Xom's grace]
 16616 | Volcano  | Gained mutation: You possess an exceptional clarity of
                  | mind. [Xom's grace]
 16616 | Volcano  | Gained mutation: Your muscles are very strong. (Str +8,
                  | Int/Dex -2) [Xom's grace]
 16616 | Volcano  | Gained mutation: You expend magic power (3 MP) to
                  | strengthen your wands. [Xom's grace]
 16624 | Volcano  | Found a burning altar of Makhleb.
 16624 | Volcano  | XOM: scenery: 1 doors open, 1 doors close
 16761 | Lair:2   | Found a hole to the Spider Nest.
 16796 | Lair:2   | Found an ornate altar of the Wu Jian Council.
 16882 | Lair:2   | XOM: scenery: summon butterflies
 16883 | Lair:2   | Found a staircase to the Swamp.
 16888 | Lair:2   | Reached XP level 15. HP: 94/130 MP: 10/15
 17036 | Lair:2   | Noticed Harold
 17040 | Lair:2   | XOM: divination: magic mapping
 17050 | Lair:2   | Killed Harold
 17339 | Lair:2   | XOM: summons 15 friendly demons
 17360 | Lair:2   | XOM: scenery: create altars
 17652 | Lair:3   | XOM: polymorph death yak -> glowing shapeshifter
 17653 | Lair:3   | XOM: cast spell 'Leda's Liquefaction'
 17719 | Lair:3   | XOM: 3-stop teleportation journey
 17847 | Lair:3   | XOM: enchant monster (good)
 17977 | Lair:3   | XOM: cleaving
 18063 | Lair:3   | XOM: swap monsters
 18153 | Lair:3   | XOM: silly message
 18568 | Lair:4   | You fall into a shaft and drop 1 floor!
 18568 | Lair:5   | Entered Level 5 of the Lair of Beasts
 18585 | Lair:5   | Reached skill level 13 in Fighting
 18593 | Lair:5   | XOM: blink monster(s)
 18598 | Lair:5   | XOM: cast spell 'Iskenderun's Battlesphere'
 18599 | Lair:5   | XOM: snakes to sticks
 18613 | Lair:5   | XOM: noise
 18637 | Lair:5   | XOM: enchant monster (good)
 18826 | Lair:4   | XOM: scenery: create altars
 18845 | Lair:4   | XOM: confuse monster(s)
 18873 | Lair:4   | XOM: noise
 18895 | Lair:4   | Found a viscous altar of Jiyva.
 18895 | Lair:4   | Found a staircase to the Slime Pits.
 19164 | Lair:4   | XOM: torment (80/132 hp)
 19428 | Lair:5   | XOM: 1-stop teleportation journey
 19443 | Lair:5   | XOM: summons 2 hostile shadow creatures
 19535 | Lair:5   | XOM: stat loss: -1 Int (13/14)
 19869 | Lair:5   | XOM is BORED!
 19993 | Lair:5   | XOM: summons 2 hostile demons
 20083 | Spider:1 | Entered Level 1 of the Spider Nest
 20109 | Spider:1 | XOM: torment (73/132 hp)
 20125 | Spider:1 | XOM: 1-stop teleportation journey
 20142 | Spider:1 | XOM: 4-stop teleportation journey
 20151 | Spider:1 | Reached XP level 16. HP: 64/140 MP: 2/16
 20382 | Spider:1 | XOM: noise
 20395 | Spider:1 | XOM: summons 2 hostile shadow creatures
 20396 | Spider:1 | XOM: summons 1 hostile shadow creature
 20492 | Spider:1 | XOM: god gift: 2 stones
 20496 | Spider:1 | XOM: 1-stop teleportation journey
 20645 | Spider:1 | XOM: silly message
 20661 | Spider:1 | XOM: god gift: 3 boomerangs
 20847 | Spider:1 | XOM: noise
 21289 | Spider:2 | XOM: confuse monster(s)
 21661 | Spider:2 | XOM: god gift: quarterstaff {god gift}
 21880 | Spider:2 | Reached skill level 14 in Fighting
 21906 | Spider:2 | Reached skill level 10 in Shields
 22107 | Spider:2 | XOM: silly message
 22130 | Spider:3 | XOM: summons 2 friendly demons
 22495 | Spider:3 | Noticed Mlioglotl
 22496 | Spider:3 | XOM: scenery: create altars
 22505 | Spider:3 | Killed Mlioglotl
 22519 | Spider:3 | XOM: divination: detect items
 22552 | Spider:3 | XOM: 1-stop teleportation journey
 22610 | Spider:3 | Noticed Arachne
 22614 | Spider:3 | XOM: chaos cloud
 22618 | Spider:3 | XOM: give mutations
 22618 | Spider:3 | Lost mutation: You possess an exceptional clarity of mind.
                  | [Xom's mischief]
 22618 | Spider:3 | Gained mutation: You are resistant to electric shocks.
                  | (rElec) [Xom's mischief]
 22635 | Spider:3 | Killed Arachne
 22638 | Spider:3 | XOM: 1-stop teleportation journey
 22652 | Spider:3 | Found a runed translucent door.
 22653 | Spider:3 | Found a shimmering altar of Xom.
 22653 | Spider:3 | Noticed Rayvis's ghost (journeyman MiFi)
 22753 | Spider:3 | XOM: 4-stop teleportation journey
 22915 | Spider:3 | XOM: polymorph entropy weaver -> cyclops
 23311 | Spider:3 | XOM: stat loss: -1 Str (26/27)
 23614 | Spider:4 | Entered Level 4 of the Spider Nest
 23624 | Spider:4 | XOM: noise
 23797 | Spider:4 | XOM: smoke on damage
 23813 | Spider:4 | Reached XP level 17. HP: 149/149 MP: 17/17
 23857 | Spider:4 | XOM: enchant monster (bad)
 23893 | Spider:4 | XOM: divination: magic mapping
 23933 | Spider:4 | XOM: silly message
 24076 | Spider:4 | XOM: divination: detect creatures
 24111 | Spider:4 | XOM: smoke on damage
 24648 | Spider:4 | XOM: potion effect (invisibility)
 24651 | Spider:4 | XOM: potion effect (haste)
 24688 | Spider:4 | Got a gossamer rune of Zot
 24955 | D:7      | Bought a scroll of enchant armour for 105 gold pieces
 24955 | D:7      | Bought a scroll of teleportation for 42 gold pieces
 24955 | D:7      | Bought a potion of magic for 112 gold pieces
 25132 | Swamp:1  | Entered Level 1 of the Swamp
 25332 | Swamp:1  | Reached skill level 15 in Axes
 25424 | Swamp:1  | XOM: confuse monster(s)
 25502 | Swamp:1  | Reached skill level 15 in Fighting
 25534 | Swamp:1  | XOM: cloud trail
 25574 | Swamp:2  | Noticed Frances
 25599 | Swamp:2  | Killed Frances
 25732 | Swamp:2  | XOM: confuse monster(s)
 25735 | Swamp:2  | XOM: cast spell 'Death Channel'
 25746 | Swamp:2  | XOM: confusion (+ monsters)
 25773 | Swamp:2  | XOM: divination: detect items
 25774 | Swamp:2  | XOM: confuse monster(s)
 25789 | Swamp:2  | Noticed Donald
 25808 | Swamp:2  | Killed Donald
 25894 | Swamp:2  | Found a runed translucent gate.
 25895 | Swamp:2  | Found a runed translucent gate.
 25895 | Swamp:2  | Noticed Zenkrye's ghost (adept HOFi)
 25896 | Swamp:2  | Found a runed translucent gate.
 25915 | Swamp:2  | XOM: blink monster(s)
 25935 | Swamp:2  | Killed Zenkrye's ghost
 25943 | Swamp:2  | Identified the amulet of Pride {Faith rElec Int+5 Dex-3
                  | SInv}
 25968 | Swamp:2  | XOM: 5-stop teleportation journey
 26059 | Swamp:2  | XOM: summons friendly quasit
 26304 | Swamp:3  | Found a transporter.
 26425 | Swamp:3  | XOM: 2-stop teleportation journey
 26445 | Swamp:3  | XOM: give mutations
 26445 | Swamp:3  | Gained mutation: Armour fits poorly on your strangely
                  | shaped body. [Xom's mischief]
 26445 | Swamp:3  | Gained mutation: You are clumsy. (Dex -2) [Xom's mischief]
 26579 | Swamp:3  | XOM: 1-stop teleportation journey
 26662 | Swamp:3  | Found a transporter.
 26671 | Swamp:3  | Got the Handbook of Ill Luck and the Door
 26697 | Swamp:3  | Noticed Qemahefa's ghost (adept GrFi)
 26821 | Swamp:4  | Entered Level 4 of the Swamp
 26821 | Swamp:4  | Noticed Bai Suzhen
 26842 | Swamp:3  | XOM: stat loss: -1 Dex (5/6)
 26845 | Swamp:3  | XOM: swap monsters
 26846 | Swamp:3  | XOM: confuse monster(s)
 26856 | Swamp:3  | Killed Bai Suzhen
 27079 | Swamp:4  | XOM: polymorph spriggan druid -> tengu
 27224 | Swamp:4  | XOM: stat loss: -1 Int (13/14)
 27336 | Swamp:4  | XOM: silly message
 27364 | Swamp:4  | XOM: 2-stop teleportation journey
 27411 | Swamp:4  | XOM: summons 1 hostile shadow creature
 27419 | Swamp:4  | XOM: silly message
 27434 | Swamp:4  | Gained mutation: You have a pair of large antennae on your
                  | head. (SInv) [demonic ancestry]
 27434 | Swamp:4  | Reached XP level 18. HP: 131/159 MP: 12/18
 27588 | Swamp:4  | XOM: confusion (+ monsters)
 27680 | Swamp:4  | Got a decaying rune of Zot
 27697 | Swamp:4  | Reached skill level 15 in Evocations
 27717 | Swamp:4  | XOM: smoke on damage
 28010 | Swamp:4  | XOM: summons 1 hostile demon
 28166 | Orc:2    | XOM: noise
 28170 | Elf:1    | Entered Level 1 of the Elven Halls
 28220 | Elf:1    | Noticed a Hell Sentinel
 28225 | Elf:1    | XOM: 2-stop teleportation journey
 28234 | Elf:1    | XOM: enchant monster (bad)
 28414 | Elf:1    | XOM: enchant monster (good)
 28489 | Elf:1    | Got the Guide on Summoned Bolts
 28617 | Elf:1    | Found Gieph's Book Emporium.
 29131 | Elf:2    | Found a runed translucent gate.
 29131 | Elf:2    | Found a runed translucent gate.
 29142 | Elf:2    | Reached skill level 16 in Fighting
 29144 | Elf:2    | Noticed Gausige's ghost (journeyman DsFi)
 29145 | Elf:2    | Found a runed translucent gate.
 29274 | Elf:2    | Paralysed by an air elemental for 1 turns
 29281 | Elf:2    | Paralysed by an air elemental for 1 turns
 29296 | Elf:2    | XOM: give mutation
 29296 | Elf:2    | Lost mutation: You expend magic power (3 MP) to strengthen
                  | your wands. [Xom's mischief]
 29333 | Elf:2    | XOM: silly message
 29334 | Elf:2    | XOM: enchant monster (bad)
 29518 | Elf:2    | Found a runed translucent gate.
 29518 | Elf:2    | Found a runed translucent gate.
 29518 | Elf:2    | Found a runed translucent gate.
 29707 | Elf:2    | Paralysed by an air elemental for 1 turns
 29963 | Orc:2    | XOM: god gift: potion of might
 30088 | Swamp:2  | XOM: noise
 30147 | Swamp:3  | XOM: swap monsters
 30155 | Swamp:3  | XOM: potion effect (haste)
 30172 | Swamp:3  | XOM: summons 8 friendly demons
 30178 | Swamp:3  | Killed Qemahefa's ghost
 30201 | Swamp:3  | Identified the ring "Moagel" {rPois rF+ Dex+3}
 30297 | Lair:2   | XOM: torment (90/161 hp)
 30484 | Elf:3    | Entered Level 3 of the Elven Halls
 30887 | Vaults:1 | Entered Level 1 of the Vaults
 30918 | Vaults:1 | Reached skill level 15 in Armour
 30934 | Vaults:1 | XOM: 1-stop teleportation journey
 31141 | Vaults:1 | XOM: 4-stop teleportation journey
 31161 | Vaults:1 | Reached XP level 19. HP: 158/159 MP: 19/19
 31163 | Vaults:1 | XOM: enchant monster (good)
 31169 | Vaults:1 | XOM: summons friendly iron imp
 31178 | Vaults:1 | XOM: summons friendly shadow imp
 31251 | Vaults:1 | Found a portal to a secret trove of treasure.
 31277 | Vaults:1 | Noticed Norris
 31277 | Vaults:1 | XOM: enchant monster (good)
 31278 | Vaults:1 | Found Uteoshaojil's Assorted Antiques.
 31280 | Vaults:1 | XOM: cleaving
 31289 | Vaults:1 | XOM: summons 3 friendly demons
 31298 | Vaults:1 | XOM: divination: magic mapping
 31315 | Vaults:1 | Killed Norris
 31486 | Vaults:1 | Bought a potion of heal wounds for 170 gold pieces
 31486 | Vaults:1 | Bought a scroll of blinking for 255 gold pieces
 31566 | Vaults:1 | XOM: scenery: 1 doors close
 31594 | Vaults:1 | XOM: smoke on damage
 31595 | Vaults:1 | XOM: summons friendly shadow imp
 31728 | Vaults:1 | XOM: 2-stop teleportation journey
 31786 | Vaults:1 | Found a runed translucent door.
 31823 | Vaults:1 | XOM: blink monster(s)
 31848 | Vaults:1 | XOM: fog
 32094 | Vaults:1 | XOM: summons 2 friendly demons
 32101 | Vaults:1 | XOM: smoke on damage
 32153 | Vaults:1 | XOM: scenery: 1 doors close
 32270 | Vaults:1 | XOM: silly message
 32300 | Vaults:1 | XOM: silly message
 32382 | Vaults:1 | Noticed vegansnacktivist's ghost (adept DDFi)
 32501 | Vaults:2 | XOM: divination: magic mapping
 32509 | Vaults:2 | XOM: 7-stop teleportation journey
 32543 | Vaults:2 | XOM: confuse monster(s)
 32586 | Vaults:2 | Found a crumbling gateway.
 32591 | Desolati | Entered the Desolation of Salt
 32600 | Desolati | XOM: 9-stop teleportation journey
 32611 | Desolati | XOM: enchant monster (good)
 32615 | Desolati | Reached skill level 17 in Fighting
 32627 | Desolati | XOM: fake destruction
 32647 | Desolati | Got Lomoam's Volume of Weather and Esoterica
 32650 | Desolati | Got the Parchment of the Changed Lungs
 32663 | Desolati | XOM: smoke on damage
 32669 | Desolati | XOM: divine lightning
 32684 | Desolati | XOM: scenery: summon butterflies
 32687 | Desolati | XOM: divination: detect creatures
 32697 | Desolati | XOM: summons 2 friendly demons
 32709 | Desolati | XOM: scenery: summon butterflies
 32720 | Desolati | XOM: 1-stop teleportation journey
 32755 | Desolati | Identified the staff of Sipnetah {Will+ SInv Conj Hexes}
                  | (Xom gifted it to you in the Desolation of Salt)
 32755 | Desolati | XOM: god gift: staff of Sipnetah {Will+ SInv Conj Hexes}
 32759 | Desolati | XOM: give mutations
 32759 | Desolati | Lost mutation: Your muscles are very strong. (Str +8,
                  | Int/Dex -2) [Xom's mischief]
 32759 | Desolati | Lost mutation: Your flesh is very heat resistant. (rF++)
                  | [Xom's mischief]
 32759 | Desolati | Lost mutation: Your spells are a little harder to cast, but
                  | a little more powerful. [Xom's mischief]
 32820 | Desolati | XOM: divination: detect creatures
 32832 | Desolati | XOM: fake destruction
 32932 | Desolati | Identified the +6 plate armour "Mevven" {rPois rN+}
 32935 | Desolati | Got the Compendium of Overcast Left-Handed Liturgies
 32962 | Desolati | Got the Exposition on Ill-starred Assaults
 32963 | Desolati | Lost mutation: Your flesh is heat resistant. (rF+) [potion
                  | of mutation]
 32963 | Desolati | Lost mutation: Your muscles are strong. (Str +4, Int/Dex
                  | -1) [potion of mutation]
 32963 | Desolati | Gained mutation: Your flesh is heat resistant. (rF+)
                  | [potion of mutation]
 32963 | Desolati | Gained mutation: Your mind is very acute. (Int +8, Str/Dex
                  | -2) [potion of mutation]
 32964 | Desolati | Lost mutation: You are strong-willed. (Will+) [potion of
                  | mutation]
 32964 | Desolati | Lost mutation: Your flesh is cold resistant. (rC+) [potion
                  | of mutation]
 32964 | Desolati | Gained mutation: You are partially covered in large bone
                  | plates. (SH +4) [potion of mutation]
 32965 | Desolati | Lost mutation: Your mind is very acute. (Int +8, Str/Dex
                  | -2) [potion of mutation]
 32965 | Desolati | Lost mutation: You are resistant to electric shocks.
                  | (rElec) [potion of mutation]
 32965 | Desolati | Gained mutation: You are weak. (Str -2) [potion of
                  | mutation]
 32965 | Desolati | Gained mutation: You are very clumsy. (Dex -4) [potion of
                  | mutation]
 32965 | Desolati | Gained mutation: Your flesh is cold resistant. (rC+)
                  | [potion of mutation]
 33022 | Desolati | XOM: destruction
 33026 | Desolati | XOM: scenery: summon butterflies
 33029 | Desolati | XOM: cleaving
 33033 | Desolati | XOM: potion effect (brilliance)
 33284 | Desolati | Identified the ring "Xeabass" {rF+++ Dex+6 Slay+5 Stlth-}
 33391 | Desolati | XOM: divine lightning
 33540 | Vaults:2 | XOM: cleaving
 33542 | Vaults:2 | XOM: confuse monster(s)
 33547 | Vaults:2 | XOM: destruction
 33607 | Vaults:2 | XOM: give mutations
 33607 | Vaults:2 | Gained mutation: You passively map a small area around you.
                  | [Xom's grace]
 33607 | Vaults:2 | Gained mutation: You possess an exceptional clarity of
                  | mind. [Xom's grace]
 33755 | Vaults:2 | Reached XP level 20. HP: 109/172 MP: 11/20
 33782 | Vaults:2 | XOM: 1-stop teleportation journey
 33842 | Vaults:2 | XOM: give mutations
 33842 | Vaults:2 | Gained mutation: You have sharp toenails. [Xom's grace]
 33842 | Vaults:2 | Gained mutation: Your spells are a little harder to cast,
                  | but a little more powerful. [Xom's grace]
 33842 | Vaults:2 | Gained mutation: You passively map the area around you.
                  | [Xom's grace]
 33842 | Vaults:2 | Lost mutation: You are weak. (Str -2) [Xom's grace]
 33891 | Vaults:2 | XOM: fog
 33934 | Vaults:2 | XOM: fog
 33936 | Vaults:2 | XOM: enchant monster (good)
 34043 | Vaults:2 | XOM: scenery: summon butterflies
 34063 | Vaults:2 | XOM: god gift: wand of quicksilver (6)
 34133 | Vaults:2 | Identified the +1 scale mail of Wrong Decisions {Dex+3}
 34197 | Vaults:2 | XOM: god gift: 43 gold pieces
 34286 | Vaults:2 | XOM: summons 14 friendly demons
 34574 | Vaults:3 | XOM: scenery: 1 doors open
 34618 | Vaults:3 | XOM: cast spell 'Discord'
 34640 | Vaults:3 | XOM: scenery: 1 doors open, 1 doors close
 34774 | Vaults:3 | XOM: 1-stop teleportation journey
 34778 | Vaults:3 | Paralysed by a formless jellyfish for 1 turns
 34880 | Vaults:3 | XOM: 1-stop teleportation journey
 34994 | Vaults:3 | XOM: polymorph dire elephant -> alligator
 34997 | Vaults:3 | XOM: 2-stop teleportation journey
 35036 | Vaults:3 | XOM: summons friendly shadow imp
 35053 | Vaults:3 | Reached skill level 18 in Fighting
 35200 | Vaults:3 | XOM: chaos cloud
 35319 | Vaults:3 | XOM: summons friendly white imp
 35585 | Vaults:3 | Found a staircase to the Crypt.
 35846 | Vaults:4 | XOM: confuse monster(s)
 35850 | Vaults:4 | XOM: confuse monster(s)
 35928 | Vaults:4 | XOM: cleaving
 35941 | Vaults:4 | XOM: summons 2 friendly demons
 35961 | Vaults:4 | Reached skill level 15 in Shields
 35965 | Vaults:4 | XOM: destruction
 36043 | Vaults:4 | XOM: give mutations
 36043 | Vaults:4 | Gained mutation: You have hidden genetic potential. [Xom's
                  | grace]
 36043 | Vaults:4 | Gained mutation: Your spells are harder to cast, but more
                  | powerful. [Xom's grace]
 36043 | Vaults:4 | Gained mutation: Your spells are much harder to cast, but
                  | much more powerful. [Xom's grace]
 36043 | Vaults:4 | Lost mutation: You have hidden genetic potential. [Xom's
                  | grace]
 36043 | Vaults:4 | Gained mutation: You are somewhat resistant to further
                  | mutation. [Xom's grace]
 36121 | Vaults:4 | XOM: fake destruction
 36138 | Vaults:4 | XOM: polymorph yaktaur captain -> shining eye
 36232 | Vaults:4 | XOM: blink monster(s)
 36241 | Vaults:4 | Gained mutation: Spells you cast may paralyse nearby
                  | enemies. [demonic ancestry]
 36241 | Vaults:4 | Reached XP level 21. HP: 177/190 MP: 16/21
 36276 | Vaults:4 | XOM: 3-stop teleportation journey
 36336 | Vaults:4 | XOM: cloud trail
 36435 | Vaults:4 | XOM: summons 2 hostile demons
 36539 | Abyss:2  | Found a corrupted altar of Lugonu.
 36539 | Abyss:2  | Cast into level 2 of the Abyss (a deep elf demonologist)
 36540 | Abyss:2  | Found a corrupted altar of Lugonu.
 36566 | Abyss:3  | Found a corrupted altar of Lugonu.
 36718 | Abyss:4  | XOM: summons friendly quasit
 36732 | Abyss:4  | XOM: give mutations
 36732 | Abyss:4  | Lost mutation: Your flesh is heat resistant. (rF+) [Xom's
                  | mischief]
 36732 | Abyss:4  | Lost mutation: You passively map the area around you.
                  | [Xom's mischief]
 36753 | Abyss:4  | XOM: blink monster(s)
 36899 | Abyss:4  | XOM: confuse monster(s)
 36978 | Abyss:4  | Got an abyssal rune of Zot
 37038 | Abyss:4  | Paralysed by accursed screaming for 1 turns
 37062 | Vaults:4 | Escaped the Abyss
 37097 | Vaults:4 | XOM: 1-stop teleportation journey
 37101 | Vaults:4 | XOM: noise
 37279 | Vaults:4 | Reached skill level 1 in Dodging
 37282 | Vaults:4 | XOM: polymorph ironbound preserver -> torpor snail
 37286 | Vaults:4 | XOM: stat loss: -1 Str (20/21)
 37557 | D:11     | XOM: give mutation
 37557 | D:11     | Lost mutation: You have sharp toenails. [Xom's mischief]
 37940 | Elf:3    | XOM: enchant monster (bad)
 38034 | Elf:2    | XOM: 1-stop teleportation journey
 38073 | Elf:3    | XOM: chaos upgrade
 38081 | Elf:2    | XOM: smoke on damage
 38139 | Elf:3    | XOM: smoke on damage
 38216 | Elf:3    | Reached skill level 19 in Fighting
 38256 | Elf:3    | XOM: chaos cloud
 38259 | Elf:3    | XOM: noise
 38360 | Abyss:4  | Cast into level 4 of the Abyss (a deep elf sorcerer)
 38360 | Elf:3    | Escaped the Abyss
 38360 | Elf:3    | XOM: revert banishment
 38450 | Elf:3    | Paralysed by an air elemental for 1 turns
 38548 | Elf:3    | Got the Papyrus of the Destined Ground
 38607 | Elf:3    | Identified the +4 longbow "Taeg" {elec, Int+2 SInv}
 38610 | Elf:3    | Found the +6 arbalest "Damnation" {damnation}
 38645 | Elf:3    | Identified the +4 orcbow of Dissolution {freeze, rElec rC+
                  | Will- Int+5}
 38650 | Elf:3    | Identified the +3 broad axe of Eternal War {flame, rPois}
 38664 | Elf:3    | Identified the +1 rapier of Ignis's Displeasure {freeze,
                  | Str+3 Stlth+}
 38666 | Elf:3    | Got the Anthology of the Special Coins
 38675 | Elf:3    | Identified the +6 orcbow of the Rescuing Oracle {heavy, rF+
                  | rC+ Str+5 Dex-2}
 38679 | Elf:3    | Identified the +10 hand axe of the Bruised Gods {venom,
                  | Str+4}
 38684 | Elf:3    | Identified the +9 morningstar of the Grinning Enemy {venom,
                  | Str+6}
 38689 | Elf:3    | Identified the +1 falchion "Jelly's Nightmare" {venom,
                  | rPois Will+ Str+3}
 38880 | Elf:3    | XOM: divination: magic mapping
 38958 | Elf:3    | XOM: enchant monster (bad)
 38969 | Elf:3    | Found a runed translucent door.
 39002 | Elf:3    | XOM: give mutations
 39002 | Elf:3    | Lost mutation: You possess an exceptional clarity of mind.
                  | [Xom's mischief]
 39002 | Elf:3    | Lost mutation: You are very clumsy. (Dex -4) [Xom's
                  | mischief]
 39002 | Elf:3    | Lost mutation: You are somewhat resistant to further
                  | mutation. [Xom's mischief]
 39002 | Elf:3    | Gained mutation: You have hidden genetic potential. [Xom's
                  | mischief]
 39110 | Elf:3    | XOM: summons 1 hostile shadow creature
 39154 | Elf:3    | XOM: cleaving
 39157 | Elf:3    | XOM: polymorph deep elf zephyrmancer -> alligator
 39365 | Elf:3    | Noticed Noacot's ghost (journeyman DsFi)
 39841 | Vaults:5 | Entered Level 5 of the Vaults
 39844 | Vaults:5 | Noticed a golden dragon
 39869 | Vaults:4 | Gained mutation: You can speak a Word of Chaos. [demonic
                  | ancestry]
 39869 | Vaults:4 | Reached XP level 22. HP: 201/201 MP: 18/22
 39879 | Vaults:4 | XOM: confuse monster(s)
 39909 | Vaults:5 | XOM: silly message
 39917 | Vaults:4 | XOM: silly message
 39926 | Vaults:4 | Killed a golden dragon
 39940 | Vaults:5 | XOM: cast spell 'Leda's Liquefaction'
 39943 | Vaults:5 | XOM: divination: magic mapping
 39956 | Vaults:5 | XOM: noise
 39963 | Vaults:5 | XOM: cast spell 'Animate Armour'
 39999 | Vaults:5 | Noticed an ancient lich
 40001 | Vaults:5 | XOM: silly message
 40007 | Vaults:5 | XOM: potion effect (might)
 40008 | Vaults:5 | XOM: cast spell 'Summon Small Mammal'
 40013 | Vaults:5 | Killed an ancient lich
 40030 | Vaults:5 | XOM: silly message
 40062 | Vaults:5 | XOM: silly message
 40104 | Vaults:5 | XOM: butterfly on damage
 40104 | Vaults:5 | XOM: smoke on damage
 40245 | Vaults:5 | Identified the ring "Pipseuni" {Str+6 Int+5 Stlth-}
 40284 | Vaults:5 | XOM: silly message
 40288 | Vaults:5 | Identified the +0 morningstar of Hurting Extermination
                  | {flame, Dex+4}
 40406 | Vaults:5 | Identified the +5 ring mail of Peugin {Int-2 Dex+3}
 40484 | Vaults:5 | Noticed a golden dragon
 40489 | Vaults:5 | XOM: blink monster(s)
 40490 | Vaults:5 | Noticed a golden dragon
 40491 | Vaults:5 | Noticed a golden dragon
 40496 | Vaults:5 | XOM: summons 3 friendly demons
 40552 | Vaults:5 | Identified the +10 short sword of Fedhas's Grace {flame,
                  | rPois rF+ rC+ rN+}
 40563 | Vaults:5 | XOM: divination: detect creatures
 40577 | Vaults:5 | Reached skill level 5 in Dodging
 40583 | Vaults:5 | Reached skill level 20 in Fighting
 40588 | Vaults:5 | XOM: potion effect (haste)
 40599 | Vaults:5 | XOM: divination: detect creatures
 40606 | Vaults:5 | Killed a golden dragon
 40650 | Vaults:5 | Lost mutation: You are clumsy. (Dex -2) [hidden potential]
 40675 | Vaults:5 | Lost mutation: Your flesh is cold resistant. (rC+) [potion
                  | of mutation]
 40675 | Vaults:5 | Lost mutation: A frigid envelope surrounds you and freezes
                  | all who hurt you. [potion of mutation]
 40675 | Vaults:5 | Gained mutation: You have an increased reservoir of magic.
                  | (+10% MP) [potion of mutation]
 40676 | Vaults:5 | Lost mutation: Your spells are much harder to cast, but
                  | much more powerful. [potion of mutation]
 40676 | Vaults:5 | Lost mutation: You have hidden genetic potential. [potion
                  | of mutation]
 40676 | Vaults:5 | Gained mutation: Your spells are much harder to cast, but
                  | much more powerful. [potion of mutation]
 40677 | Vaults:5 | Lost mutation: Armour fits poorly on your strangely shaped
                  | body. [potion of mutation]
 40677 | Vaults:5 | Lost mutation: You are partially covered in large bone
                  | plates. (SH +4) [potion of mutation]
 40677 | Vaults:5 | Gained mutation: You have sharp fingernails. [potion of
                  | mutation]
 40677 | Vaults:5 | Gained mutation: You are somewhat resistant to further
                  | mutation. [potion of mutation]
 40677 | Vaults:5 | Gained mutation: Your flesh is heat resistant. (rF+)
                  | [potion of mutation]
 40778 | Vaults:5 | Identified the +11 hand axe of the Mind {heavy, Str+3 Int+8
                  | Dex-2}
 40789 | Vaults:5 | Identified the +3 mace "Qeif Atze" {venom, Will+ Int+3
                  | Stlth+}
 40790 | Vaults:5 | Identified the +7 rapier "Jokleurch" {pain, Int+4}
 40820 | Vaults:5 | XOM: 1-stop teleportation journey
 40992 | Vaults:5 | Got the Omnibus of Spellbinding and Distillation
 41005 | Vaults:5 | Got a silver rune of Zot
 41085 | Vaults:5 | Killed a golden dragon
 41171 | Vaults:5 | Killed a golden dragon
 41489 | Vaults:5 | XOM: silly message
 41960 | D:14     | XOM: silly message
 42165 | D:14     | Identified the +11 war axe of Hairy Optimality {freeze, rF-
                  | rN+ Int+4}
 42270 | D:14     | XOM: silly message
 42381 | D:15     | Entered Level 15 of the Dungeon
 42434 | D:15     | XOM: silly message
 42574 | D:15     | Found a staircase to the Depths.
 42662 | D:15     | XOM: potion effect (invisibility)
 42694 | D:15     | Found Quledigi's Magic Scroll Emporium.
 42702 | D:15     | Bought a scroll of enchant weapon for 150 gold pieces
 42702 | D:15     | Bought a scroll of blinking for 150 gold pieces
 42915 | D:15     | XOM: noise
 43118 | D:15     | Found an iron altar of Okawaru.
 43222 | D:15     | XOM: noise
 43629 | D:1      | Bought the ring "Zistasul" {rPois rCorr MP+9 Int+3 Dex-2}
                  | for 643 gold pieces
 43799 | D:11     | XOM is BORED!
 43914 | Slime:1  | Entered Level 1 of the Pits of Slime
 43931 | Slime:1  | XOM: cleaving
 43934 | Slime:1  | Paralysed by a formless jellyfish for 1 turns
 43953 | Slime:1  | XOM: divine lightning
 43959 | Slime:1  | XOM: silly message
 43988 | Slime:2  | Gained mutation: When low on magic, you restore magic in
                  | place of health. [demonic ancestry]
 43988 | Slime:2  | Reached XP level 23. HP: 206/210 MP: 25/25
 44003 | Slime:1  | XOM: enchant monster (good)
 44037 | Slime:2  | XOM: confuse monster(s)
 44191 | Slime:4  | XOM: fog
 44202 | Slime:4  | XOM: enchant monster (good)
 44212 | Slime:4  | XOM: cleaving
 44239 | Slime:5  | Entered Level 5 of the Pits of Slime
 44290 | Slime:5  | XOM: confuse monster(s)
 44337 | Slime:5  | Found a viscous altar of Jiyva.
 44346 | Slime:5  | XOM: summons 3 friendly demons
 44347 | Slime:5  | XOM: swap monsters
 44353 | Slime:5  | XOM: noise
 44354 | Slime:5  | Noticed the Royal Jelly
 44362 | Slime:5  | XOM: repel stairs
 44364 | Slime:5  | XOM: scenery: create altars
 44375 | Slime:5  | XOM: chaos cloud
 44379 | Slime:5  | XOM: chaos cloud
 44387 | Slime:5  | XOM: give mutations
 44387 | Slime:5  | Gained mutation: You occasionally shout uncontrollably at
                  | your foes. [Xom's mischief]
 44387 | Slime:5  | Lost mutation: You passively map a small area around you.
                  | [Xom's mischief]
 44509 | Slime:5  | XOM: god gift: amulet of faith
 44520 | Slime:4  | XOM: divination: magic mapping
 44609 | Slime:5  | XOM: blink monster(s)
 44618 | Slime:5  | your Royal Jelly changed into a golden dragon shaped Royal
                  | Jelly
 44618 | Slime:5  | Noticed a golden dragon shaped Royal Jelly
 44618 | Slime:5  | XOM: polymorph Royal Jelly -> golden dragon shaped Royal
                  | Jelly
 44625 | Slime:5  | XOM: 1-stop teleportation journey
 44645 | Slime:5  | XOM: stat loss: -1 Dex (17/18)
 44656 | Slime:5  | XOM: polymorph acid blob -> shapeshifter
 44662 | Slime:5  | Killed the Royal Jelly
 44675 | Slime:5  | Paralysed by a formless jellyfish for 1 turns
 44676 | Slime:5  | XOM: silly message
 44679 | Slime:5  | XOM: enchant monster (bad)
 44693 | Slime:5  | XOM: chaos cloud
 44700 | Slime:5  | XOM: enchant monster (bad)
 44844 | Slime:5  | XOM: noise
 44848 | Slime:5  | Identified the +2 pair of boots of the Ecumenical Temple
                  | {*Slow rN++ Str+4}
 44862 | Slime:5  | XOM: swap monsters
 44904 | Slime:5  | Got a slimy rune of Zot
 44975 | Slime:5  | Identified the +2 dagger of Iplalaix {heavy, rElec rC++}
 45124 | Slime:2  | XOM: silly message
 45458 | Depths:1 | Entered Level 1 of the Depths
 45584 | Depths:1 | XOM: cast spell 'Alistair's Intoxication'
 45682 | Depths:1 | XOM: god gift: 8 stones
 45705 | Depths:1 | XOM: enchant monster (bad)
 45830 | Depths:1 | XOM: cloud trail
 45914 | Depths:1 | XOM: confuse monster(s)
 45925 | Depths:1 | XOM: silly message
 45927 | Depths:1 | XOM: enchant monster (good)
 45928 | Depths:1 | Found a gateway to Hell.
 45958 | Depths:1 | XOM: divination: detect items
 46016 | Depths:1 | XOM: scenery: create altars
 46123 | Depths:1 | XOM: god gift: potion of degeneration
 46146 | Depths:1 | XOM: god gift: potion of enlightenment
 46403 | Depths:1 | XOM: god gift: 2 scrolls of butterflies
 46823 | Depths:2 | Found a radiant altar of Vehumet.
 46910 | Depths:2 | XOM: cleaving
 46918 | Depths:2 | Reached skill level 21 in Fighting
 46992 | Depths:2 | You fall into a shaft and drop 2 floors!
 46992 | Depths:4 | Entered Level 4 of the Depths
 47002 | Depths:4 | XOM: summons friendly crimson imp
 47032 | Depths:4 | XOM: summons 4 friendly demons
 47041 | Depths:4 | XOM: summons friendly ufetubus
 47043 | Depths:4 | XOM: fog
 47063 | Depths:4 | XOM: god gift: scroll of noise
 47092 | Depths:4 | XOM: 2-stop teleportation journey
 47096 | Depths:4 | XOM: summons 2 friendly demons
 47097 | Depths:4 | XOM: summons 3 friendly demons
 47097 | Depths:4 | Found a gate to the Realm of Zot.
 47120 | Depths:4 | Gained mutation: Spells you cast and wands you use may
                  | paralyse nearby enemies. [demonic ancestry]
 47120 | Depths:4 | Reached XP level 24. HP: 191/222 MP: 25/25
 47152 | Depths:4 | XOM: destruction
 47180 | Depths:4 | Got a midnight gem with 1337 turns to spare
 47212 | Depths:4 | XOM: polymorph frost giant -> ghost moth
 47265 | Depths:4 | XOM: divine lightning
 47347 | Depths:4 | Found a one-way gate to the infinite horrors of the Abyss.
 47675 | Depths:4 | XOM: scenery: 1 doors open, 1 doors close
 47884 | Depths:4 | XOM: divination: magic mapping
 47907 | Depths:4 | XOM: god gift: wand of paralysis (3)
 47955 | Depths:4 | XOM: god gift: 3 stones
 48043 | Depths:4 | XOM: scenery: 1 doors open, 1 doors close
 48106 | Depths:3 | XOM: god gift: 15 gold pieces
 48108 | Depths:3 | XOM: scenery: 1 doors open, 1 doors close
 48291 | Depths:3 | XOM: divination: magic mapping
 48295 | Depths:3 | XOM: give mutation
 48295 | Depths:3 | Gained mutation: Your mind is very acute. (Int +8, Str/Dex
                  | -2) [Xom's grace]
 48348 | Depths:2 | Found a one-way gate leading to the halls of Pandemonium.
 48394 | Depths:2 | XOM: enchant monster (good)
 48399 | Depths:2 | Noticed Asterion
 48406 | Depths:2 | XOM: potion effect (curing)
 48423 | Depths:2 | Killed Asterion
 48433 | Depths:2 | XOM: scenery: 1 doors open, 1 doors close
 48977 | Depths:3 | XOM: confuse monster(s)
 49064 | Depths:3 | Found a corrupted altar of Lugonu.
 49166 | Depths:3 | XOM: god gift: scroll of poison
 49198 | Depths:3 | Found a one-way gateway to a ziggurat.
 49417 | Zot:1    | Entered Level 1 of the Realm of Zot
 49426 | Zot:1    | XOM: cleaving
 49434 | Depths:4 | XOM: cleaving
 49751 | D:11     | XOM: god gift: wand of iceblast (5)
 50248 | Zot:1    | XOM: summons 12 friendly demons
 50264 | Depths:4 | XOM: smoke on damage
 50274 | Depths:4 | Reached skill level 22 in Fighting
 50530 | Zot:1    | XOM: blink monster(s)
 50537 | Zot:1    | XOM: scenery: summon butterflies
 50550 | Zot:1    | XOM: swap monsters
 50551 | Zot:1    | XOM: swap monsters
 50674 | Zot:1    | XOM: scenery: summon butterflies
 50678 | Zot:1    | XOM: fog
 50681 | Zot:1    | XOM: confusion (+ monsters)
 50707 | Zot:1    | XOM: enchant monster (bad)
 50781 | Zot:1    | XOM: 3-stop teleportation journey
 50851 | Zot:1    | XOM: scenery: create altars
 50974 | Zot:1    | XOM: confuse monster(s)
 51105 | Zot:1    | XOM: scenery: create altars
 51136 | Zot:1    | XOM: 2-stop teleportation journey
 51201 | Zot:1    | Found the +5 robe of Night {Dark Will+ SInv}
 51244 | Zot:1    | XOM: cleaving
 51348 | Zot:1    | XOM: chaos upgrade
 51352 | Zot:1    | XOM: noise
 51357 | Zot:1    | XOM: silly message
 51394 | Zot:1    | XOM: give mutation
 51394 | Zot:1    | Gained mutation: You are somewhat resistant to both further
                  | mutation and mutation removal. [Xom's grace]
 51549 | Zot:1    | XOM: summons 16 friendly demons
 51836 | Zot:2    | Found a transporter.
 51846 | Zot:2    | XOM: scenery: 3 doors open
 51853 | Zot:2    | XOM: scenery: create altars
 51964 | Zot:2    | XOM: god gift: 49 gold pieces
 51979 | Zot:2    | XOM: god gift: scroll of immolation
 51984 | Zot:2    | XOM: stat loss: -1 Dex (15/16)
 52085 | Zot:2    | XOM: summons friendly crimson imp
 52089 | Zot:2    | XOM: summons 9 friendly demons
 52114 | Zot:1    | XOM: give mutations
 52114 | Zot:1    | Lost mutation: Your spells are much harder to cast, but
                  | much more powerful. [Xom's mischief]
 52114 | Zot:1    | Lost mutation: Your flesh is heat resistant. (rF+) [Xom's
                  | mischief]
 52114 | Zot:1    | Lost mutation: You have an increased reservoir of magic.
                  | (+10% MP) [Xom's mischief]
 52114 | Zot:1    | Gained mutation: You are frail. (-10% HP) [Xom's mischief]
 52282 | Zot:1    | XOM: scenery: summon butterflies
 52313 | Zot:2    | XOM: summons 6 friendly demons
 52317 | Zot:2    | XOM: summons friendly quasit
 52324 | Zot:2    | XOM: enchant monster (bad)
 52399 | Zot:2    | XOM: polymorph ice dragon -> death yak
 52463 | Zot:2    | XOM: god gift: 56 gold pieces
 52505 | Zot:2    | XOM: enchant monster (good)
 52506 | Zot:2    | XOM: confuse monster(s)
 52666 | Zot:2    | XOM: summons 14 friendly demons
 52667 | Zot:2    | XOM: scenery: create altars
 52761 | Zot:2    | You fall into a shaft and drop 2 floors!
 52773 | Zot:4    | XOM: divination: detect items
 52776 | Zot:4    | Identified the ring "Lucur" {Fire rCorr}
 52776 | Zot:4    | XOM: god gift: scroll of enchant armour
 52827 | Zot:4    | Identified the +8 chain mail of the Dice {Will+}
 52831 | Zot:4    | XOM: god gift: glaive {god gift}
 52852 | Zot:4    | XOM: god gift: +2 pair of gloves of hurling
 52886 | Zot:4    | XOM: enchant monster (good)
 53077 | Zot:4    | XOM: cast spell 'Iskenderun's Battlesphere'
 53086 | Zot:4    | XOM: chaos upgrade
 53103 | Zot:4    | Reached skill level 1 in Throwing
 53127 | Zot:4    | Reached XP level 25. HP: 164/212 MP: 23/23
 53138 | Zot:4    | XOM: divination: magic mapping
 53167 | Zot:4    | XOM: 1-stop teleportation journey
 53172 | Zot:4    | XOM: smoke on damage
 53178 | Zot:4    | XOM: polymorph black draconian knight -> minotaur
 53193 | Zot:4    | XOM: 2-stop teleportation journey
 53273 | Zot:4    | XOM: 1-stop teleportation journey
 53414 | Zot:4    | XOM: scenery: create altars
 53483 | Zot:4    | XOM: 2-stop teleportation journey
 53919 | Zot:4    | XOM: summons 3 hostile shadow creatures
 54240 | Zot:4    | XOM: stat loss: -1 Dex (15/16)
 54323 | Zot:3    | XOM: summons 3 hostile shadow creatures
 54436 | Zot:3    | XOM: summons 2 hostile shadow creatures
 54535 | Zot:3    | XOM: summons 10 friendly demons
 54569 | Zot:3    | XOM: polymorph shadow imp -> crimson imp
 54628 | Zot:3    | Identified the +8 plate armour "Upediulu" {rPois}
 54678 | Zot:3    | XOM: summons 2 friendly demons
 54680 | Zot:3    | Noticed a dread lich
 54684 | Zot:3    | XOM: enchant monster (good)
 54700 | Zot:3    | Killed a dread lich
 54711 | Zot:3    | Noticed a dread lich
 54711 | Zot:3    | Noticed a dread lich
 54716 | Zot:3    | Killed a dread lich
 54724 | Zot:3    | XOM: potion effect (haste)
 54728 | Zot:3    | Killed a dread lich
 54732 | Zot:3    | Reached skill level 23 in Fighting
 54847 | Zot:3    | Identified the +0 leather armour of Wu Jian's Benevolence
                  | {*Corrode Fly Will+}
 54848 | Zot:3    | Identified the +0 leather armour of Gravitas {rC++}
 54938 | Zot:3    | XOM: 2-stop teleportation journey
 54939 | Zot:3    | XOM: confusion (+ monsters)
 54946 | Zot:3    | XOM: potion effect (invisibility)
 54952 | Zot:3    | XOM: confusion (+ monsters)
 54957 | Zot:3    | XOM: divination: detect items
 54958 | Zot:3    | Identified the ring "Waeze" {Ice rN+}
 54958 | Zot:3    | Noticed Josephina
 54959 | Zot:3    | XOM: 2-stop teleportation journey
 55108 | Zot:3    | Killed Josephina
 55119 | Zot:3    | XOM: silly message
 55308 | Zot:3    | XOM: 1-stop teleportation journey
 55312 | Zot:3    | XOM: 1-stop teleportation journey
 55318 | Zot:3    | XOM: 3-stop teleportation journey
 55669 | Zot:3    | XOM: confusion (+ monsters)
 55683 | Zot:3    | XOM: scenery: summon butterflies
 55688 | Zot:3    | XOM: destruction
 55703 | Zot:3    | XOM: enchant monster (good)
 55705 | Zot:3    | XOM: scenery: create altars
 55875 | Zot:3    | XOM: give mutation
 55875 | Zot:3    | Gained mutation: Your spells are much harder to cast, but
                  | much more powerful. [Xom's grace]
 56030 | Zot:3    | XOM: cloud trail
 56177 | Zot:3    | XOM: god gift: +6 war axe of chaos
 56196 | Zot:3    | XOM: god gift: 58 gold pieces
 56291 | Zot:3    | XOM: give mutations
 56291 | Zot:3    | Gained mutation: You do not regenerate when monsters are
                  | visible. [Xom's mischief]
 56291 | Zot:3    | Gained mutation: Your health recovers twice as slowly from
                  | being drained. [Xom's mischief]
 56422 | Zot:3    | Lost mutation: Your spells are much harder to cast, but
                  | much more powerful. [potion of mutation]
 56422 | Zot:3    | Lost mutation: You occasionally shout uncontrollably at
                  | your foes. [potion of mutation]
 56423 | Zot:3    | Lost mutation: You are somewhat resistant to both further
                  | mutation and mutation removal. [potion of mutation]
 56423 | Zot:3    | Lost mutation: You have sharp fingernails. [potion of
                  | mutation]
 56423 | Zot:3    | Lost mutation: Your health recovers twice as slowly from
                  | being drained. [potion of mutation]
 56423 | Zot:3    | Gained mutation: You possess an exceptional clarity of
                  | mind. [potion of mutation]
 56424 | Zot:3    | Lost mutation: You are somewhat resistant to further
                  | mutation. [potion of mutation]
 56424 | Zot:3    | Lost mutation: Your mind is very acute. (Int +8, Str/Dex
                  | -2) [potion of mutation]
 56424 | Zot:3    | Lost mutation: Your spells are harder to cast, but more
                  | powerful. [potion of mutation]
 56424 | Zot:3    | Gained mutation: Your movements are slightly less
                  | encumbered by armour. (ER -2) [potion of mutation]
 56498 | Zot:5    | Entered Level 5 of the Realm of Zot
 56515 | Zot:5    | Noticed a dread lich
 56521 | Zot:5    | XOM: summons friendly crimson imp
 56533 | Zot:5    | XOM: enchant monster (good)
 56558 | Zot:5    | Noticed an ancient lich
 56559 | Zot:5    | XOM: enchant monster (bad)
 56562 | Zot:5    | Noticed an ancient lich
 56563 | Zot:5    | XOM: polymorph tentacled monstrosity -> doom hound
 56566 | Zot:5    | Noticed a Killer Klown
 56568 | Zot:5    | Noticed a Killer Klown
 56570 | Zot:5    | Noticed an orb of fire
 56571 | Zot:5    | Noticed an orb of fire
 56573 | Zot:5    | Noticed an orb of fire
 56583 | Zot:5    | Got the Orb of Zot
 56588 | Zot:5    | Noticed a Killer Klown
 56615 | Zot:4    | XOM: confuse monster(s)
 56688 | Zot:3    | XOM: god gift: scarf of shadows
 56728 | Zot:1    | Noticed Wauxuev the pandemonium lord
 56730 | Zot:1    | XOM: give mutations
 56730 | Zot:1    | Lost mutation: You are frail. (-10% HP) [Xom's grace]
 56730 | Zot:1    | Gained mutation: You have hidden genetic potential. [Xom's
                  | grace]
 56730 | Zot:1    | Gained mutation: Your mind is very acute. (Int +8, Str/Dex
                  | -2) [Xom's grace]
 56768 | Depths:3 | XOM: polymorph Executioner -> rust devil
 56884 | D:13     | XOM: silly message
 57115 | D:2      | XOM: summons 1 hostile demon
 57180 | D:$      | Escaped with the Orb!

Illustrated notes

Levels and vault maps discovered:
D:1:      minmay_arrival_split_and_join, layout_basic, serial_shops,
          nicolae_square_shop, dreamdust_wishing_well
D:2:      layout_rooms, serial_shops, shop,
          dreamdust_ecumenical_altar_drowned_temple, basic_altar,
          minmay_box_of_dots, uniq_natasha, uniq_jessica
D:3:      layout_rooms, uniq_crazy_yiuf_cottage
D:4:      layout_cave_pods, mainiacjoe_overflow_alcove_1,
          mainiacjoe_overflow_six_doors_small, lemuel_coloured_pillars_altar,
          xom_redecorated, nrook_campfire, fountainhead
D:5:      layout_gridville, nicolae_ru_awakened_eye, nemelex_dance_club_becter,
          minmay_temple_entry_offerings
D:6:      layout_rooms, general_overflow_altar, serial_shops,
          nicolae_lakefront_shop, nicolae_shop_advertising_works
          [nicolae_subvault_shop_adworks], nicolae_lakefront_shop,
          nicolae_shop_behind_doors, nicolae_shop_real_fake_doors
D:7:      layout_loops_corners, zin_treasury, nicolae_overflow_hidden_temple,
          serial_shops, shop, uniq_maurice
D:8:      layout_basic, kennysheep_slug_shrine, serial_ice, serial_ice_m,
          serial_ice_g, serial_ice_o, serial_ice_i, serial_ice_h, serial_ice_f,
          serial_ice_d, interstate_on_off
D:9:      layout_loops_ring, lightli_temple_of_fire, minmay_hedge_maze
D:10:     layout_cave_pools, mainiacjoe_overflow_surrounded_room,
          tso_oasis_becter
D:11:     layout_basic, minmay_lair_entry_grove, orc_david_3,
          nicolae_shop_i_like_small_books_too, nicolae_hepliaklqana_hippocampus,
          uniq_sonja
D:12:     layout_roguey, serial_shops, shop, shop, nicolae_take_the_stairs,
          uniq_psyche
D:13:     layout_basic, hellmonk_vaults_keyhole, serial_shops,
          nicolae_lakefront_shop, uniq_jorgrun, uniq_urug
D:14:     layout_roguey [special_room_orc], lemuel_freeze_loot_1
D:15:     grunt_enter_depths_giant_problem, layout_layer_cave, minivault_26,
          serial_shops, shop, grunt_decor_resistance, okawaru_altar_gauntlet_db
Lair:1:   layout_regular_city, grunt_megastairs_4
Lair:2:   layout_long_grid, palyth_hydra_swamp_entry, spider_nest_entry_rubble,
          basic_altar, nicolae_volcano_entry_hallway,
          chequers_serial_rivers_room_b, serial_bayou_lagoon_a,
          fungi_pond_lemuel, uniq_harold
Lair:3:   kb_forest_paths, layout_regular_city, st_stairs_3,
          serial_bayou_shore_b
Lair:4:   layout_long_grid, dpeg_slime_entry_enclosed, serial_bayou_pond_e,
          st_stairs_10, hellmonk_talismancer
Lair:5:   minmay_lair_end_frog_pond, layout_big_grid, serial_rivers,
          chequers_serial_rivers_micro_d, chequers_serial_rivers_small_3,
          chequers_serial_rivers_small_b, chequers_serial_rivers_micro_c
Swamp:1:  layout_basic_swamp, hangedman_swamp_blocks,
          nicolae_swamp_rocky_clearing, swamp_pool_4
Swamp:2:  layout_basic_swamp, gammafunk_ghost_hydra_chop,
          evilmike_swamp_ruin_house_3, uniq_donald, uniq_frances
Swamp:3:  layout_falls_marsh, gammafunk_ghost_berserking_beasts,
          hangedman_swamp_ruin_wall, nicolae_swamp_decorative_isthmus
Swamp:4:  swamp_fiery, layout_basic_swamp, uniq_bai_suzhen
Spider:1: layout_chambers
Spider:2: layout_spider_delve
Spider:3: layout_chambers, ebering_ghost_xom, uniq_mlioglotl, uniq_arachne
Spider:4: spider_rune_water
Slime:1:  cheibrodos_slime_lost_civilization_10, layout_caves
Slime:2:  layout_caves, basic_altar
Slime:3:  layout_caves, nicolae_slime_getting_an_eyeful
Slime:4:  layout_caves, cheibrodos_slime_lost_civilization_5
Slime:5:  slime_pit_nicolae_amoeboid
Orc:1:    layout_caves, basic_altar
Orc:2:    kennysheep_orc_mage_school, layout_caves, special_room, uniq_nessos
Elf:1:    layout_rooms, serial_shops, nicolae_book_shop_shelving,
          minmay_elf_sorcery, minivault_25_ag, minmay_fountain_box
Elf:2:    elven_hall_of_blades_hangedman_original [nicolae_blade_little_rooms],
          layout_rooms, gammafunk_ghost_tricky_traps, serial_aquarium,
          aquarium_bridge_long_joined [aquarium_subvault_wall,
          aquarium_subvault_bridge, aquarium_subvault_window,
          aquarium_subvault_balcony, aquarium_subvault_bridge,
          aquarium_subvault_wall], aquarium_bridge_straight
          [aquarium_subvault_bridge, aquarium_subvault_wall,
          aquarium_subvault_bridge, aquarium_subvault_wall],
          aquarium_window_fake, aquarium_window_corner, aquarium_view_2d,
          aquarium_balcony_3b, aquarium_pool_double, david_defended_altar_elf
Elf:3:    minmay_elf_hall_circle, layout_gridlike, gammafunk_ghost_grave,
          hangedman_elven_crosses_minicolossus
Vaults:1: ebering_ghost_reflecting_pool, nicolae_vaults_yaktaur_gun_rack,
          v_misc_25, v_misc_15, vaults_room_ringed_pool,
          nicolae_vaults_what_the_h, nicolae_vaults_double_plus_1,
          vaults_room_corners, layout_vaults_quadrants, serial_shops, shop,
          enter_trove_5, uniq_norris
Vaults:2: portal_desolation_entry_nicolae_forbidding_blocks,
          nicolae_vaults_lightning_bolt, nicolae_vaults_swerve,
          hangedman_vaults_trim, serial_ice_b, nicolae_vaults_little_squares_3,
          nicolae_vaults_little_guard_posts, nicolae_vaults_ring_of_whatevers,
          hangedman_vaults_hat, nicolae_vaults_diamond_1, v_misc_23,
          layout_vaults_omnicross
Vaults:3: v_misc_23, vaults_room_door_hall, nicolae_vaults_c_with_doors,
          nicolae_vaults_tetromino_Z_1, v_rooms_6,
          minmay_crypt_entry_simple_round, nicolae_vaults_storage_room_water,
          nicolae_vaults_big_ls, nicolae_vaults_heart-shaped_vault,
          v_alt_pattern_1, nicolae_vaults_double_plus_2, layout_vaults_ring
Vaults:4: nicolae_vaults_little_squares_2, nicolae_vaults_hallways_thing,
          nicolae_vaults_ring_of_whatevers, ontoclasm_vaults_pinch,
          hangedman_vaults_cutoff, nicolae_vaults_offset_grid_hallway_4,
          nicolae_vaults_diagonal_hallway_8, nicolae_vaults_trapezoid_2,
          hangedman_vaults_stretched_pinwheel, nicolae_vaults_house_2,
          v_misc_14, layout_vaults_maze_snakey
Vaults:5: serial_shops
Depths:1: layout_gridville, nicolae_hell_entry_hellmouth_sunbeams,
          nicolae_benzene_ring, bh_walls_and_bars
Depths:2: nzn_winding_woodlands_small [nzn_winding_woodlands_5x15_concentric,
          nzn_winding_woodlands_center_diamonds,
          nzn_winding_woodlands_5x15_cabin], layout_gridlike,
          nicolae_vehumet_altar_sigil, pan_entry, hell_entry, st_stairs_12,
          uniq_asterion
Depths:3: cheibrodos_quadrivalence, layout_gridville, enter_ziggurat_f,
          abyss_entry_flame_altar, grunt_hell_entry_dis_grunt,
          chequers_serial_rivers_micro_a, minmay_staircase_statues
Depths:4: evilmike_zot_entry_diamond, layout_gridville,
          nicolae_abyss_entry_one_way_or_another, pf_coc_iceberg,
          minmay_misc_feat_secret_circle
Zot:1:    layout_basic
Zot:2:    layout_gridville, st_small_dragon_hoard_1, nicolae_diode_basic
Zot:3:    hellmonk_paralyzer, layout_cathedral_of_symmetry, uniq_josephina
Zot:4:    layout_concentric_octagons
Zot:5:    layout_cathedral_of_symmetry

Skill      XL: |  1  2  3  4  5  6  7  8  9 10 11 12 13 14 15 16 17 18 19 20 21 22 23 24 25 |
---------------+----------------------------------------------------------------------------+-----
Armour         | 2 3 4 5 7 8 9 10 11 12 13 14 15 16 17 18 19 20 | 20.7
Axes           | 3 4 5 6 7 8 9 10 12 13 14 15 16 17 18 19 20 | 20.7
Fighting       | 4 5 6 8 9 10 11 12 13 14 15 16 17 18 19 20 21 22 23 | 23.2
Evocations     | 1 2 3 4 6 8 9 10 11 12 13 14 15 16 17 18 20 | 20.0
Shields        | 4 6 7 9 10 11 12 14 15 16 | 16.4
Dodging        | 3 5 7 |  7.0
Throwing       | 1 4 |  4.9

Action                     |  1- 3 |  4- 6 |  7- 9 | 10-12 | 13-15 | 16-18 | 19-21 | 22-24 | 25-27 || total
---------------------------+-------+-------+-------+-------+-------+-------+-------+-------+-------++-------
  Melee: Hand axe          |    83 |       |    83 |    16 |       |       |       |       |       ||   182
         Dagger            |    38 |   190 |       |       |       |       |       |       |       ||   228
         Punch             |       |     3 |     6 |     2 |       |       |       |       |       ||    11
         Whip              |       |    33 |   327 |       |       |       |       |       |       ||   360
         Broad axe         |       |       |       |   393 |   730 |  1558 |  1685 |  2097 |   447 ||  6910
         Unarmed           |       |       |       |       |       |       |     2 |       |       ||     2
  Throw: Throwing net      |       |       |       |       |       |       |       |     5 |     2 ||     7
  Evoke: Wand              |       |     1 |     9 |    18 |     5 |    12 |    12 |     5 |     3 ||    65
         Sack of spiders   |       |       |       |       |       |     1 |     1 |       |     1 ||     3
         Tin of tremorston |       |       |       |       |       |       |     2 |     3 |       ||     5
         Phantom mirror    |       |       |       |       |       |       |       |     1 |     1 ||     2
    Use: Scroll            |       |     4 |     9 |     9 |    14 |     7 |    10 |    10 |     9 ||    72
         Potion            |       |       |     2 |     3 |       |    14 |    19 |    21 |    12 ||    71
   Stab: Distracted        |     1 |       |       |       |       |     1 |     4 |    13 |     4 ||    23
         Paralysed         |       |     9 |     7 |     7 |       |       |       |     2 |     7 ||    32
         Sleeping          |       |     1 |       |       |       |       |       |       |       ||     1
         Confused          |       |       |       |     1 |     1 |     4 |     9 |    20 |     5 ||    40
         Invisible         |       |       |       |       |       |    12 |       |     5 |     2 ||    19
         Petrified         |       |       |       |       |       |       |    11 |     4 |       ||    15
         Petrifying        |       |       |       |       |       |       |     3 |       |       ||     3
 Armour: Leather armour    |    89 |   177 |    57 |       |       |       |       |       |       ||   323
         Steam dragon scal |       |       |   316 |    96 |       |       |       |       |       ||   412
         Plate armour      |       |       |       |   387 |   617 |  1166 |   126 |       |       ||  2296
         Storm dragon scal |       |       |       |       |       |   769 |  1169 |   229 |       ||  2167
         Gold dragon scale |       |       |       |       |       |       |       |  1874 |   504 ||  2378
         Skin              |       |       |       |       |       |       |       |     2 |       ||     2
  Dodge: Dodged            |    98 |   112 |   237 |   170 |   190 |   484 |   301 |   399 |    92 ||  2083
  Block: Kite shield       |       |       |       |   188 |   422 |   965 |  1354 |    15 |       ||  2944
         Tower shield      |       |       |       |       |       |       |       |  2594 |   539 ||  3133
